 Dungeon Crawl Stone Soup version 0.18.1-50-g88ac8fd (webtiles) character file.

598701 vernon the Executioner (level 26, -28/243 HPs)
             Began as a Deep Dwarf Berserker on Sept 16, 2017.
             Was an Elder of Trog.
             Killed from afar by a Brimstone Fiend (38 damage)
             ... with damnation
             ... on level 5 of the Realm of Zot on Sept 17, 2017.
             The game lasted 00:46:52 (51116 turns).

vernon the Executioner (Deep Dwarf Berserker)      Turns: 51116, Time: 00:46:52

Health: -28/243    AC: 37    Str: 25    XL:     26   Next: 42%
Magic:  1/4        EV: 28    Int:  4    God:    Trog [****..]
Gold:   2634       SH:  0    Dex: 18    Spells: 0 memorised, 25 levels left

rFire  + . .     SeeInvis +     o - +6 executioner's axe (vamp)
rCold  . . .     Gourm    .     g - +10 plate armour {rF+}
rNeg   + . .     Faith    .     (shield currently unavailable)
rPois  +         Spirit   .     C - +1 hat
rElec  +         Dismiss  .     A - +2 cloak
rCorr  .         Reflect  .     c - +1 pair of gloves "Yhumae" {MR+ Stlth+}
SustAt .         Harm     .     a - +2 pair of boots {Stlth+}
MR     +++++                    (no amulet)
Stlth  ..........               z - +5 ring of evasion
                                d - ring "Vanaipig" {rElec rPois Int-5 SInv Stlth-}

@: mighty, very slightly contaminated, non-regenerating, hasted, very quick,
almost entirely resistant to hostile enchantments, extremely unstealthy
A: damage resistance, recharge devices, clumsy 1, deformed body, deterioration
2, frail 1, negative energy resistance 1, sense surroundings 3, slow
regeneration 3, weak 2, subdued magic 3, MP-powered wands
a: Device Recharging, Berserk, Trog's Hand, Brothers in Arms, Burn Spellbooks,
Renounce Religion
0: Orb of Zot
}: 3/15 runes: decaying, serpentine, silver


You were on level 5 of the Realm of Zot.
You worshipped Trog.
Trog was greatly pleased with you.
You were completely stuffed.

You visited 8 branches of the dungeon, and saw 48 of its levels.
You visited the Abyss 1 time.

You collected 5794 gold pieces.
You spent 3160 gold pieces at shops.


Innate Abilities, Weirdness & Mutations

You are resistant to damage.
You can recharge devices by infusing magical energy.
You resist negative energy.
You passively map a large area around you.
You do not regenerate naturally.
You are clumsy. (Dex -2)
Armour fits poorly on your strangely shaped body.
Your body often deteriorates upon taking damage.
You are frail (-10% HP).
You are very weak. (Str -4)
Your spells are much easier to cast, but much less powerful.
You expend magic power (3 MP) to strengthen your wands.


   Skills:
 + Level 22.4 Fighting
 - Level 26.0 Axes
 - Level 22.5 Armour
 - Level 22.5 Dodging
 + Level 11.7 Evocations


You had 25 spell levels left.
You didn't know any spells.

Inventory:

Hand Weapons
 o - a +6 vampiric executioner's axe (weapon)
Armour
 a - a +2 pair of boots of stealth (worn)
 c - the +1 pair of gloves "Yhumae" (worn) {MR+ Stlth+}
   (You took it off Nikola on level 1 of the Swamp)

   It affects your resistance to hostile enchantments.
   It makes you more stealthy.
 g - a +10 plate armour of fire resistance (worn)
 s - a +2 pair of gloves
 A - a +2 cloak (worn)
 C - a +1 hat (worn)
Jewellery
 d - the ring "Vanaipig" (left hand) {rElec rPois Int-5 SInv Stlth-}
   (You found it on level 11 of the Dungeon)

   [ring of see invisible]

   It affects your intelligence (-5).
   It insulates you from electricity.
   It protects you from poison.
   It lets you see invisible.
   It makes you less stealthy.
 h - an uncursed ring of fire
 q - an uncursed ring of ice
 z - a +5 ring of evasion (right hand)
 E - a +2 ring of evasion
 I - an uncursed ring of protection from fire
 J - an uncursed ring of protection from fire
 K - an uncursed ring of protection from cold
Wands
 n - a wand of disintegration (13/24)
 r - a wand of heal wounds (4/9)
 Y - a wand of teleportation (2/9)
Scrolls
 b - 35 scrolls of remove curse
 w - 33 scrolls of identify
Potions
 f - 2 potions of might
 j - 2 potions of haste
 k - 16 potions of curing
Comestibles
 e - 25 meat rations
 p - 26 bread rations

Dungeon Overview and Level Annotations

Branches:
Dungeon (15/15)            Temple (0/1) D:4            Lair (8/8) D:8
  Swamp (4/4) Lair:5        Snake (4/4) Lair:5        Slime (0/6) Lair:6
    Orc (2/2) D:9             Elf (0/3) Orc:2        Vaults (5/5) D:13
  Crypt (0/3) Vaults:3     Depths (5/5) D:15            Zot (5/5) Depths:5

Altars:
Cheibriados
Dithmenos
Elyvilon
Gozag
Makhleb
Nemelex Xobeh
Qazlal
Ru
Xom
Yredelemnul

Shops:
D:6 :   D:8 (   Orc:2 ***=   Snake:4 [   Vaults:1 [   Vaults:3 (   Vaults:4 [
Depths:3 *   Depths:4 *   Depths:5 (

Portals:
Hell: Depths:1 Depths:3 Depths:4 Depths:5
Abyss: Depths:3 Depths:4
Pandemonium: Depths:3 Depths:4
Ziggurat: Depths:4
Trove: D:10 (give Akashic Record)

Annotations:
D:7 1 runed door
Depths:3 2 runed doors


Message History

The Brimstone Fiend is heavily wounded.
The Brimstone Fiend hits you but does no damage.
The Brimstone Fiend completely misses you. x2
You slash the Brimstone Fiend!
The Brimstone Fiend is severely wounded.
You hear a distant "Zot"!
You slice the Brimstone Fiend!!
The Brimstone Fiend is almost dead.
The Brimstone Fiend gestures at you.
The damnation unfurls!
The damnation engulfs you!
The damnation engulfs the Brimstone Fiend.
The Brimstone Fiend completely resists.
You hear a screech!
You hear a shout!
You hit the Brimstone Fiend.
The Brimstone Fiend is almost dead.
You hit the Brimstone Fiend but do no damage.
The Brimstone Fiend is almost dead.
The Brimstone Fiend gestures at you.
The damnation unfurls!
The damnation engulfs you!
You die...

..............# #...^.......#
..............# ##...........##
$...*........## #..........(..#
...^....^...* ##.............##
...........# #...............#
############# ##########.########
...#.#......###..######..#####
##.#.#......##..1##..........#
#...'......##..@#...#######.#
###.^........#.#...## #.####
#.##...^#...#.....# #.....
####.##...#.[.#.#....#######..###
......##.#..[#...#...#........#
........#...#.....#.#.#######.#
...#...#.#.....#...#..#######'##
#.#...#...<...#...#.#..........#
.#...#.....#.#...#...#...#####.#


You could see a Brimstone Fiend.

Vanquished Creatures
  8 orbs of fire
  4 ancient liches
  A juggernaut (Depths:3)
  Sojobo (Vaults:5)
  the Lernaean hydra (Swamp:4)
  4 Killer Klowns
  Vashnia (Snake:3)
  Nikola (Swamp:1)
  3 curse toes
  12 golden dragons
  the Enchantress (Depths:4)
  2 bone dragons
  4 electric golems
  Jorgrun (Swamp:3)
  The ghost of magipi the Bludgeoner, an adept NaBe of Trog (Snake:4)
  26 Orb Guardians (Zot:5)
  12 tentacled monstrosities
  The ghost of Majang the Eclecticist, an adept GrEE of Vehumet (Swamp:4)
  5 titans
  2 sphinxes
  6 death cobs
  4 shadow dragons
  Kirke (D:14)
  11 storm dragons
  3 draconian monks
  Wiglaf (Vaults:5)
  8 greater nagas (Snake:4)
  9 tengu reavers
  A deep elf sorcerer (Vaults:5)
  6 fire giants
  3 draconian scorchers
  An iron dragon (Depths:3)
  3 ghost moths
  2 balrugs
  19 vault wardens
  Maud (D:9)
  5 frost giants
  A cacodemon (Depths:3)
  A draconian knight (Zot:4)
  2 draconian shifters (Zot:4)
  3 draconian zealots
  A ghost moth (shapeshifter) (Depths:5)
  14 very ugly things
  3 spriggan defenders (Depths:4)
  A deep elf elementalist (Vaults:5)
  A ghoul (Vaults:3)
  A reaper (Zot:1)
  23 ironheart preservers
  5 war gargoyles
  2 draconian annihilators
  15 stone giants
  3 draconian callers
  A salamander stormcaller (Vaults:5)
  2 vampire knights
  6 green draconians
  2 red draconians
  A blood saint (Zot:5)
  5 yellow draconians
  5 deep elf demonologists
  A deep elf annihilator (Vaults:2)
  6 purple draconians
  4 black draconians
  8 mottled draconians
  10 ettins
  10 spark wasps
  5 white draconians
  2 deep elf death magi
  19 fire dragons
  5 green deaths
  A death ooze (Swamp:4)
  35 vault guards
  2 blizzard demons
  Josephine (Lair:5)
  3 jiangshi (Depths:1)
  14 ice dragons
  5 great orbs of eyes
  5 rakshasas
  19 yaktaur captains
  4 entropy weavers
  12 ogre magi
  8 spriggan air magi
  A spectral shadow dragon (Depths:1)
  14 hydras
  A hell beast (Swamp:4)
  12 naga warriors
  2 ghost crabs
  9 anacondas
  2 catoblepae
  9 centaur warriors
  A ghost crab (shapeshifter) (Depths:5)
  An anaconda (shapeshifter) (Depths:5)
  2 dancing weapons (Vaults:5)
  A death yak (shapeshifter) (Depths:4)
  2 death knights
  5 deep troll shamans
  3 death yaks (Lair:8)
  7 tengu warriors
  13 deep troll earth magi
  3 alligators
  A vampire mage (Depths:1)
  13 naga sharpshooters
  2 thrashing horrors (Swamp:4)
  4 spriggan berserkers
  11 shock serpents
  2 soul eaters
  5 deep elf knights
  2 shadow wraiths
  A sun demon (Depths:3)
  A fire crab (Lair:6)
  An iron troll (Depths:3)
  A salamander mystic (Snake:4)
  A spark wasp zombie (Depths:1)
  4 wizards
  2 spectral spark wasps (Depths:1)
  24 hell knights
  2 skeletal warriors (Depths:2)
  An unseen horror (D:15)
  30 deep trolls
  8 giant orange brains
  10 swamp dragons
  2 unseen horrors (shapeshifter)
  2 shambling mangroves (Swamp:2)
  A deep troll (shapeshifter) (Depths:5)
  6 deep elf archers
  4 sea snakes (Snake:4)
  6 naga ritualists
  An orange crystal statue (Zot:4)
  22 ironbrand convokers
  A lindwurm (Lair:7)
  11 orc knights
  A hill giant (D:11)
  4 phantasmal warriors
  3 necromancers
  A torturous demonspawn (Depths:3)
  An orb spider (shapeshifter) (Vaults:3)
  A hornet (shapeshifter) (Depths:3)
  16 deep elf magi
  A frost giant zombie (Vaults:5)
  11 mana vipers
  An oklob plant (Zot:4)
  35 ugly things
  2 manticores
  3 hornets
  16 moths of wrath
  5 salamanders
  4 wolf spiders
  3 griffons
  4 cyclopes
  7 elephants
  36 black mambas
  A fire giant skeleton (Depths:1)
  2 sixfirhies
  3 smoke demons
  An octopode (shapeshifter) (D:14)
  15 vault sentinels
  2 black mambas (shapeshifter)
  6 guardian serpents
  4 orange demons
  15 naga magi
  32 spiny frogs
  An elf zombie (Vaults:5)
  A spriggan zombie (Depths:1)
  2 rust devils
  A storm dragon simulacrum (Depths:1)
  A torpor snail (Lair:5)
  A gargoyle (D:15)
  8 kobold demonologists
  A salamander skeleton (Vaults:1)
  8 freezing wraiths
  17 komodo dragons
  A spiny frog (shapeshifter) (Vaults:4)
  A yaktaur zombie (Depths:1)
  2 rime drakes
  3 burning bushes (Zot:4)
  An ice devil (Depths:4)
  69 yaktaurs
  4 hellwings
  3 tengu conjurers
  2 jumping spiders (shapeshifter)
  4 spriggan druids
  A shadow dragon simulacrum (Depths:1)
  A jumping spider (Depths:3)
  3 polar bears
  4 trolls
  13 two-headed ogres
  10 bog bodies
  11 giant leeches
  43 slime creatures
  A raiju (Depths:2)
  9 boulder beetles
  25 blink frogs
  An ettin zombie (Vaults:1)
  2 ice dragon skeletons (Depths:1)
  Sigmund (D:5)
  24 spriggans
  12 air elementals
  5 shadows
  A tarantella (Vaults:2)
  4 water elementals
  2 ynoxinuls (Depths:3)
  6 wraiths
  3 wyverns
  2 vampires
  8 redbacks
  A hog (shapeshifter) (Vaults:4)
  40 yaks
  2 spriggan simulacra
  2 hungry ghosts
  5 basilisks
  2 chaos spawn (Zot:5)
  9 hippogriffs
  A deep troll zombie (Vaults:5)
  37 vampire mosquitoes
  2 steam dragons
  9 insubstantial wisps
  A soldier ant (shapeshifter) (Vaults:4)
  19 swamp worms
  13 wargs
  48 nagas
  A soldier ant (D:13)
  5 hell hounds (Depths:2)
  16 water moccasins
  48 orc warriors
  13 swamp drakes
  A hydra simulacrum (Depths:2)
  10 porcupines
  4 sky beasts
  3 black bears
  A swamp drake (shapeshifter) (Depths:4)
  4 ice beasts
  22 wasps
  A necrophage (D:8)
  2 eyes of draining
  An ogre (shapeshifter) (Vaults:5)
  14 boggarts
  A tengu (shapeshifter) (Depths:3)
  41 ogres
  2 phantoms
  30 centaurs
  11 crocodiles
  14 wolves
  2 centaurs (shapeshifter) (Vaults:5)
  5 big kobolds
  A wyvern zombie (D:13)
  19 giant frogs
  A wyvern skeleton (D:14)
  2 small abominations
  4 scorpions
  11 killer bees
  A spectral ogre (Depths:2)
  A tengu zombie (Depths:1)
  7 wights
  5 electric eels
  4 howler monkeys
  3 crimson imps
  4 quasits
  A wyvern simulacrum (D:13)
  11 jellies
  5 centaur zombies
  3 giant frog zombies
  A giant frog skeleton (D:12)
  11 hounds
  27 orc wizards
  14 orc priests
  6 centaur skeletons
  2 iron imps (Depths:3)
  Terence (D:3)
  Ijyb (D:3)
  Natasha (D:4)
  13 iguanas
  2 lightning spires (Zot:4)
  6 worker ants
  5 hell rats (Lair:7)
  27 sheep
  2 hound zombies
  2 howler monkey zombies
  10 gnolls
  2 howler monkey skeletons
  10 adders
  20 river rats
  7 shadow imps
  2 ufetubi (Depths:3)
  6 oozes
  2 adder skeletons
  A worm (D:3)
  8 giant geckos
  121 orcs
  4 giant cockroaches
  11 goblins
  14 hobgoblins
  5 jackals
  56 kobolds
  8 quokkas
  3 ball pythons
  4 bats
  A giant gecko skeleton (D:4)
  9 giant newts
  6 rats
  10 fungi
  A macabre mass (Depths:1)
  9 plants
2258 creatures vanquished.

Vanquished Creatures (collateral kills)
  Asterion (Vaults:3)
  A thorn hunter (Swamp:2)
  4 death cobs
  A tengu reaver (Vaults:5)
  A fire giant (Vaults:5)
  2 vault wardens (Vaults:5)
  An ironheart preserver (Vaults:5)
  A spark wasp (shapeshifter) (Vaults:5)
  2 yaktaur captains (Vaults:5)
  2 hydras
  2 naga warriors (Snake:4)
  A catoblepas (Lair:7)
  An anaconda (Snake:3)
  12 death yaks
  A deep troll shaman (Vaults:5)
  An ogre mage (Vaults:5)
  2 deep troll earth magi (Vaults:5)
  5 naga sharpshooters
  2 iron trolls (Depths:5)
  A shadow wraith (Vaults:5)
  2 deep trolls
  An orange crystal statue (Vaults:3)
  3 naga ritualists
  A necromancer (Vaults:1)
  A phantasmal warrior (Vaults:5)
  A hornet (Vaults:5)
  4 oklob plants (Zot:4)
  A spiny frog (Lair:3)
  A naga mage (Snake:4)
  2 freezing wraiths (Vaults:1)
  2 kobold demonologists (Vaults:1)
  A komodo dragon (D:8)
  7 yaktaurs
  2 human skeletons (Vaults:1)
  A slime creature (shapeshifter) (Vaults:5)
  A blink frog (Lair:5)
  A two-headed ogre (Vaults:5)
  A spriggan (Depths:4)
  A hippogriff (Lair:8)
  A vampire mosquito (Lair:8)
  5 nagas (Snake:4)
  A porcupine (Lair:7)
  A water moccasin (Lair:5)
  A black bear (shapeshifter) (Vaults:5)
  2 wasps
  An eye of draining (D:15)
  An ogre (Vaults:5)
  A sky beast (D:12)
  3 boggarts
  A crocodile (Lair:4)
  A big kobold (Vaults:1)
  A giant frog (Lair:3)
  2 lightning spires (Zot:4)
  A shadow imp (D:14)
  A kobold (Vaults:1)
  2 plants
104 creatures vanquished.

Vanquished Creatures (others)
  An Orb Guardian (Zot:5)
  A titan (Vaults:5)
  A draconian scorcher (Zot:4)
  A deep elf knight (Vaults:3)
  A sphinx skeleton (Vaults:5)
  A moth of wrath (Zot:5)
  A smoke demon (Zot:5)
  A yaktaur (Vaults:1)
  A tengu conjurer (D:15)
  A ynoxinul (Depths:3)
  A water elemental (Depths:1)
  A spriggan (Swamp:3)
  6 humans (D:14)
  A wasp (Swamp:3)
  An ogre (Vaults:5)
  A centaur (Orc:2)
  A giant frog (D:14)
  A crimson imp (Zot:5)
  An orc (Orc:2)
  A giant cockroach (D:2)
  A giant newt (D:2)
  7 fungi
  8 plants
41 creatures vanquished.

Grand Total: 2403 creatures vanquished

Notes
Turn   | Place    | Note
--------------------------------------------------------------
     0 | D:1      | vernon the Deep Dwarf Berserker began the quest for the Orb.
     0 | D:1      | Reached XP level 1. HP: 20/20 MP: 1/1
     0 | D:1      | 0 ||| counter = 8
    68 | D:1      | Reached skill level 1 in Evocations
   160 | D:1      | Reached XP level 2. HP: 27/27 MP: 3/3
   463 | D:1      | Reached skill level 4 in Axes
   565 | D:1      | Reached ** piety under Trog
   671 | D:1      | 671 ||| UPGRADING to leather armour.
   681 | D:1      | 681 ||| DROPPING +0 animal skin.
   682 | D:1      | 682 ||| UPGRADING to cloak.
   687 | D:1      | 687 ||| UPGRADING to ring mail.
   697 | D:1      | 697 ||| DROPPING +0 leather armour.
   698 | D:1      | 698 ||| UPGRADING to chain mail.
   708 | D:1      | 708 ||| DROPPING +0 ring mail.
   709 | D:1      | 709 ||| READING scroll labeled VUGUELEDDI.
   714 | D:1      | 714 ||| READING 2 scrolls labeled GIUSYCS ISUS.
   715 | D:1      | 715 ||| READING 2 scrolls labeled JAMABE UKUAGRON.
   716 | D:1      | 716 ||| READING scroll labeled KONNYCKO JILIW.
   717 | D:1      | 717 ||| READING scroll of identify.
   717 | D:1      | 717 ||| IDENTIFYING scratched steel ring
   745 | D:2      | Reached XP level 3. HP: 15/33 MP: 4/4
   770 | D:2      | 770 ||| ZAPPING wand of heal wounds (5/9).
   993 | D:2      | Found a white marble altar of Elyvilon.
  1303 | D:2      | 1303 ||| READING 3 scrolls labeled VESECH AJAPA.
  1346 | D:3      | Reached skill level 3 in Evocations
  1372 | D:3      | Reached XP level 4. HP: 33/40 MP: 6/6
  1413 | D:3      | Noticed Terence
  1434 | D:3      | Killed Terence
  1635 | D:3      | Found a faded altar to an unknown god.
  1657 | D:3      | Found a snail-covered altar of Cheibriados.
  1659 | D:3      | 1659 ||| INVOKING Berserk.
  1663 | D:3      | Reached skill level 5 in Axes
  1663 | D:3      | Reached XP level 5. HP: 46/46 MP: 6/8
  1723 | D:3      | Noticed Ijyb
  1729 | D:3      | Reached *** piety under Trog
  1747 | D:3      | Killed Ijyb
  1820 | D:3      | 1820 ||| INVOKING Berserk.
  1841 | D:3      | 1841 ||| ZAPPING wand of heal wounds (4/9).
  1842 | D:3      | 1842 ||| READING scroll of recharging.
  1842 | D:3      | 1842 ||| RECHARGING wand of heal wounds (3/9).
  1966 | D:3      | Noticed a centaur
  1978 | D:3      | Killed a centaur
  1978 | D:3      | Reached skill level 3 in Fighting
  1978 | D:3      | Reached skill level 6 in Axes
  1978 | D:3      | Reached XP level 6. HP: 39/56 MP: 9/9
  1982 | D:3      | Found a sacrificial altar of Ru.
  2141 | D:3      | Found a sparkling altar of Nemelex Xobeh.
  2141 | D:3      | Found an opulent altar of Gozag.
  2302 | D:3      | 2302 ||| UPGRADING to pair of runed gloves.
  2307 | D:3      | 2307 ||| UPGRADING to plate armour.
  2317 | D:3      | 2317 ||| DROPPING +0 chain mail.
  2318 | D:3      | 2318 ||| UPGRADING to tubular onyx ring.
  2319 | D:3      | 2319 ||| REMOVING ring of fire.
  2320 | D:3      | 2320 ||| UPGRADING to ivory ring.
  2321 | D:3      | 2321 ||| READING scroll labeled WUEXEO IFFEMIR.
  2322 | D:3      | 2322 ||| DRINKING 2 emerald potions.
  2323 | D:3      | 2323 ||| DRINKING 2 brown potions.
  2332 | D:3      | 2332 ||| DROPPING potion of ambrosia.
  2368 | D:4      | Noticed Natasha
  2387 | D:4      | Killed Natasha
  2516 | D:4      | 2516 ||| Stepping ~*~*~tactically~*~*~ (water).
  2518 | D:4      | 2518 ||| Stepping ~*~*~tactically~*~*~ (water).
  2643 | D:4      | Reached **** piety under Trog
  2677 | D:4      | Reached skill level 7 in Axes
  2683 | D:4      | Reached XP level 7. HP: 42/63 MP: 10/10
  2901 | D:4      | Reached ***** piety under Trog
  2956 | D:4      | 2956 ||| READING scroll of enchant weapon.
  2956 | D:4      | 2956 ||| ENCHANTING +1 hand axe.
  2983 | D:4      | Found a staircase to the Ecumenical Temple.
  3376 | D:4      | 3376 ||| UPGRADING to dented pearl amulet.
  3377 | D:4      | 3377 ||| REMOVING +3 amulet of reflection.
  3438 | D:4      | 3438 ||| UPGRADING to lumpy malachite amulet.
  3439 | D:4      | 3439 ||| READING 5 scrolls of remove curse.
  3440 | D:4      | 3440 ||| REMOVING amulet of inaccuracy.
  3441 | D:4      | 3441 ||| DROPPING amulet of inaccuracy.
  3442 | D:4      | 3442 ||| DROPPING +3 amulet of reflection.
  3443 | D:4      | 3443 ||| READING scroll labeled BOECWIY ECVUSCH.
  3444 | D:4      | 3444 ||| READING scroll labeled AFYMUINTUEL.
  3461 | D:5      | Entered Level 5 of the Dungeon
  3464 | D:5      | 3464 ||| INVOKING Berserk.
  3468 | D:5      | Reached skill level 8 in Axes
  3474 | D:5      | 3474 ||| ZAPPING wand of heal wounds (7/9).
  3475 | D:5      | 3475 ||| EATING 3 fruits.
  3512 | D:5      | 3512 ||| EATING 2 fruits.
  3649 | D:5      | 3649 ||| UPGRADING to war axe.
  3650 | D:5      | 3650 ||| DROPPING +2 hand axe.
  3671 | D:5      | Noticed Sigmund
  3674 | D:5      | 3674 ||| INVOKING Berserk.
  3678 | D:5      | Killed Sigmund
  3678 | D:5      | Received a gift from Trog
  3678 | D:5      | Reached skill level 9 in Axes
  3678 | D:5      | Reached XP level 8. HP: 73/73 MP: 11/11
  3687 | D:5      | Reached skill level 3 in Armour
  3688 | D:5      | 3688 ||| EATING fruit.
  3714 | D:5      | 3714 ||| EATING 2 royal jellies.
  3723 | D:5      | 3723 ||| UPGRADING to glowing battleaxe {god gift}.
  3724 | D:5      | 3724 ||| DROPPING +0 war axe.
  3771 | D:5      | 3771 ||| INVOKING Berserk.
  3781 | D:5      | 3781 ||| ZAPPING wand of heal wounds (6/9).
  3948 | D:5      | Reached skill level 10 in Axes
  4355 | D:5      | 4355 ||| READING scroll labeled KIHEKU DICIBU.
  4356 | D:5      | 4356 ||| READING 2 scrolls of identify.
  4356 | D:5      | 4356 ||| IDENTIFYING murky orange potion
  4357 | D:5      | 4357 ||| DROPPING potion of brilliance.
  4377 | D:5      | 4377 ||| INVOKING Berserk.
  4499 | D:6      | 4499 ||| INVOKING Berserk.
  4564 | D:6      | 4564 ||| EATING beef jerky.
  4608 | D:6      | 4608 ||| ZAPPING wand of heal wounds (5/9).
  4641 | D:6      | Gained mutation: You passively map the area around you. [Deep Dwarf growth]
  4641 | D:6      | Reached XP level 9. HP: 69/81 MP: 12/12
  4830 | D:6      | 4830 ||| INVOKING Berserk.
  4885 | D:6      | Found a sand-covered staircase.
  4886 | D:6      | 4886 ||| Found Ossuary.
  4952 | D:6      | Reached skill level 3 in Dodging
  4955 | D:6      | Reached skill level 11 in Axes
  5046 | D:6      | 5046 ||| INVOKING Berserk.
  5238 | D:6      | Found Lomal's Book Shoppe.
  5252 | D:6      | Found a basalt altar of Yredelemnul.
  5278 | D:6      | 5278 ||| ZAPPING wand of heal wounds (4/9).
  5279 | D:6      | 5279 ||| MP-RECHARGING wand of heal wounds (3/9).
  5343 | D:6      | 5343 ||| READING scroll labeled BIL KIOKAKUCLU.
  5344 | D:6      | 5344 ||| READING scroll labeled SIHEET WAPUSHRE.
  5345 | D:6      | 5345 ||| READING scroll labeled YGUAPN VUASA.
  5346 | D:6      | 5346 ||| DRINKING 2 lumpy silvery potions.
  5347 | D:6      | 5347 ||| READING 2 scrolls of identify.
  5347 | D:6      | 5347 ||| IDENTIFYING dark potion
  5348 | D:6      | 5348 ||| DROPPING wand of lightning.
  5349 | D:6      | 5349 ||| DROPPING potion of agility.
  5356 | D:6      | 5356 ||| EATING royal jelly.
  5395 | D:7      | 5395 ||| INVOKING Burn Spellbooks.
  5615 | D:7      | 5615 ||| ZAPPING wand of heal wounds (5/9).
  5617 | D:7      | 5617 ||| ZAPPING wand of heal wounds (4/9).
  5618 | D:7      | 5618 ||| MP-RECHARGING wand of heal wounds (3/9).
  5784 | D:7      | Found a shadowy altar of Dithmenos.
  5863 | D:7      | 5863 ||| INVOKING Berserk.
  5978 | D:7      | Found a shimmering altar of Xom.
  5981 | D:7      | Found a burning altar of Makhleb.
  5984 | D:7      | Found a stormy altar of Qazlal.
  6004 | D:7      | Found a shadowy altar of Dithmenos.
  6021 | D:7      | Found a runed door.
  6203 | D:8      | 6203 ||| STAIRDANCE
  6209 | D:7      | 6209 ||| ZAPPING wand of heal wounds (8/9).
  6274 | D:8      | 6274 ||| STAIRDANCE
  6278 | D:7      | Reached skill level 6 in Fighting
  6337 | D:7      | Reached skill level 12 in Axes
  6395 | D:8      | 6395 ||| STAIRDANCE
  6462 | D:8      | 6462 ||| INVOKING Burn Spellbooks.
  6510 | D:8      | Found Kiot's Weapon Boutique.
  6784 | D:8      | Found a staircase to the Lair.
  6784 | D:8      | Noticed a komodo dragon
  6787 | D:8      | 6787 ||| INVOKING Berserk.
  6798 | D:8      | 6798 ||| INVOKING Brothers in Arms.
  6801 | D:8      | 6801 ||| ZAPPING wand of heal wounds (7/9).
  6803 | D:8      | Killed a komodo dragon
  6951 | D:8      | 6951 ||| READING scroll labeled WIORISOMEG.
  6999 | Lair:1   | Entered Level 1 of the Lair of Beasts
  7000 | Lair:1   | 7000 ||| Entered L.
  7043 | Lair:1   | 7043 ||| ZAPPING wand of heal wounds (6/9).
  7096 | Lair:1   | Noticed a komodo dragon
  7100 | Lair:1   | 7100 ||| INVOKING Berserk.
  7104 | Lair:1   | Killed a komodo dragon
  7104 | Lair:1   | Reached XP level 10. HP: 91/91 MP: 11/11
  7217 | Lair:1   | 7217 ||| INVOKING Berserk.
  7230 | Lair:1   | 7230 ||| ZAPPING wand of heal wounds (5/9).
  7324 | Lair:1   | Reached skill level 13 in Axes
  7339 | Lair:1   | 7339 ||| ZAPPING wand of heal wounds (4/9).
  7342 | Lair:1   | 7342 ||| MP-RECHARGING wand of heal wounds (3/9).
  7556 | Lair:1   | Noticed a five-headed hydra
  7557 | Lair:1   | 7557 ||| INVOKING Brothers in Arms.
  7560 | Lair:1   | 7560 ||| INVOKING Berserk.
  7562 | Lair:1   | Killed a seven-headed hydra
  7821 | Lair:1   | 7821 ||| READING scroll labeled GARESYSESM.
  7822 | Lair:1   | 7822 ||| READING 2 scrolls of identify.
  7822 | Lair:1   | 7822 ||| IDENTIFYING sedimented blue potion
  7849 | Lair:2   | 7849 ||| STAIRDANCE
  7854 | Lair:1   | 7854 ||| ZAPPING wand of heal wounds (7/9).
  7914 | Lair:2   | Noticed a six-headed hydra
  7918 | Lair:2   | 7918 ||| INVOKING Berserk.
  7921 | Lair:2   | Killed a three-headed hydra
  7921 | Lair:2   | Reached skill level 14 in Axes
  8005 | Lair:2   | 8005 ||| INVOKING Berserk.
  8016 | Lair:2   | 8016 ||| ZAPPING wand of heal wounds (6/9).
  8078 | Lair:2   | 8078 ||| INVOKING Burn Spellbooks.
  8281 | Lair:2   | 8281 ||| INVOKING Berserk.
  8286 | Lair:2   | Reached XP level 11. HP: 100/100 MP: 11/11
  8355 | Lair:2   | 8355 ||| INVOKING Berserk.
  8357 | Lair:2   | Received a gift from Trog
  8438 | Lair:2   | 8438 ||| READING scroll of enchant armour.
  8438 | Lair:2   | 8438 ||| ENCHANTING +0 cloak.
  8499 | Lair:2   | 8499 ||| INVOKING Berserk.
  8615 | Lair:2   | Reached skill level 15 in Axes
  8762 | Lair:2   | 8762 ||| INVOKING Berserk.
  8770 | Lair:2   | 8770 ||| EATING 2 beef jerkies.
  8919 | Lair:2   | Noticed a six-headed hydra
  8922 | Lair:2   | 8922 ||| INVOKING Berserk.
  8928 | Lair:2   | Killed a one-headed hydra
  8932 | Lair:2   | 8932 ||| ZAPPING wand of heal wounds (5/9).
  9076 | Lair:2   | 9076 ||| READING 6 scrolls of identify.
  9076 | Lair:2   | 9076 ||| IDENTIFYING bubbling blue potion
  9077 | Lair:2   | 9077 ||| READING 5 scrolls of identify.
  9077 | Lair:2   | 9077 ||| IDENTIFYING grey potion
  9078 | Lair:2   | 9078 ||| DROPPING wand of random effects.
  9079 | Lair:2   | 9079 ||| DROPPING wand of confusion.
  9080 | Lair:2   | 9080 ||| DROPPING potion of flight.
  9081 | Lair:2   | 9081 ||| DROPPING wand of paralysis.
  9082 | Lair:2   | 9082 ||| DROPPING potion of cancellation.
  9083 | Lair:2   | 9083 ||| DROPPING wand of acid.
  9109 | Lair:3   | Noticed a six-headed hydra
  9113 | Lair:3   | 9113 ||| INVOKING Berserk.
  9117 | Lair:3   | Killed a two-headed hydra
  9120 | Lair:3   | Noticed a four-headed hydra
  9131 | Lair:3   | Killed a one-headed hydra
  9161 | Lair:3   | 9161 ||| EATING beef jerky.
  9216 | Lair:3   | 9216 ||| INVOKING Berserk.
  9225 | Lair:3   | Reached skill level 16 in Axes
  9306 | Lair:3   | 9306 ||| INVOKING Berserk.
  9377 | Lair:3   | 9377 ||| ZAPPING wand of heal wounds (4/9).
  9378 | Lair:3   | 9378 ||| MP-RECHARGING wand of heal wounds (3/9).
  9470 | Lair:3   | 9470 ||| INVOKING Berserk.
  9514 | Lair:3   | 9514 ||| READING scroll of enchant armour.
  9514 | Lair:3   | 9514 ||| ENCHANTING +1 cloak.
  9693 | Lair:3   | 9693 ||| INVOKING Burn Spellbooks.
  9862 | Lair:3   | Noticed a catoblepas
  9864 | Lair:3   | 9864 ||| Stepping ~*~*~tactically~*~*~ (cloud).
  9865 | Lair:3   | 9865 ||| INVOKING Berserk.
  9870 | Lair:3   | Killed a catoblepas
  9876 | Lair:3   | 9876 ||| INVOKING Brothers in Arms.
  9878 | Lair:3   | 9878 ||| ZAPPING wand of heal wounds (6/9).
  9891 | Lair:3   | 9891 ||| EATING slice of pizza.
 10035 | Lair:3   | Reached XP level 12. HP: 103/111 MP: 11/11
 10179 | Lair:3   | 10179 ||| DRINKING 8 potions of curing.
 10179 | Lair:3   | 10179 ||| (to cure poison)
 10449 | Lair:3   | 10449 ||| UPGRADING to pair of glowing boots.
 10454 | Lair:3   | 10454 ||| READING 8 scrolls of remove curse.
 10455 | Lair:3   | 10455 ||| READING scroll labeled GAUKLYCKIRPH.
 10456 | Lair:3   | 10456 ||| READING 4 scrolls of identify.
 10456 | Lair:3   | 10456 ||| IDENTIFYING murky pink potion
 10457 | Lair:3   | 10457 ||| DROPPING potion of mutation.
 10458 | Lair:3   | 10458 ||| DROPPING wand of slowing.
 10525 | Lair:4   | 10525 ||| EATING 7 bread rations.
 10584 | Lair:4   | 10584 ||| ZAPPING wand of heal wounds (5/9).
 10715 | Lair:4   | 10715 ||| INVOKING Burn Spellbooks.
 10715 | Lair:4   | Received a gift from Trog
 10956 | Lair:4   | Noticed a catoblepas
 10958 | Lair:4   | 10958 ||| Stepping ~*~*~tactically~*~*~ (cloud).
 10963 | Lair:4   | 10963 ||| INVOKING Berserk.
 10966 | Lair:4   | Reached skill level 17 in Axes
 10976 | Lair:4   | 10976 ||| INVOKING Brothers in Arms.
 10985 | Lair:4   | Killed a catoblepas
 10986 | Lair:4   | 10986 ||| ZAPPING wand of heal wounds (4/9).
 10987 | Lair:4   | 10987 ||| ZAPPING wand of heal wounds (3/9).
 10988 | Lair:4   | 10988 ||| MP-RECHARGING wand of heal wounds (2/9).
 11118 | Lair:4   | Noticed a death yak
 11119 | Lair:4   | 11119 ||| INVOKING Brothers in Arms.
 11120 | Lair:4   | Noticed a death yak
 11121 | Lair:4   | Noticed a death yak
 11122 | Lair:4   | 11122 ||| INVOKING Berserk.
 11123 | Lair:4   | Killed a death yak
 11128 | Lair:4   | Killed a death yak
 11130 | Lair:4   | Killed a death yak
 11433 | Lair:4   | 11433 ||| UPGRADING to helmet.
 11438 | Lair:4   | 11438 ||| UPGRADING to agate ring.
 11439 | Lair:4   | 11439 ||| READING 9 scrolls of remove curse.
 11440 | Lair:4   | 11440 ||| REMOVING -3 ring of strength.
 11441 | Lair:4   | 11441 ||| DROPPING -3 ring of strength.
 11442 | Lair:4   | 11442 ||| READING scroll labeled IKHOAXUSACW.
 11443 | Lair:4   | 11443 ||| READING 3 scrolls of identify.
 11443 | Lair:4   | 11443 ||| IDENTIFYING coppery potion
 11471 | Lair:5   | 11471 ||| STAIRDANCE
 11480 | Lair:5   | 11480 ||| STAIRDANCE
 11494 | Lair:5   | Noticed Josephine
 11506 | Lair:5   | Killed Josephine
 11509 | Lair:5   | Reached skill level 9 in Fighting
 11512 | Lair:5   | 11512 ||| DRINKING potion of heal wounds.
 11553 | Lair:5   | 11553 ||| INVOKING Berserk.
 11558 | Lair:5   | Reached skill level 6 in Dodging
 11566 | Lair:5   | 11566 ||| INVOKING Brothers in Arms.
 11570 | Lair:5   | Reached skill level 6 in Armour
 11632 | Lair:5   | Reached skill level 18 in Axes
 11633 | Lair:5   | 11633 ||| ZAPPING wand of heal wounds (8/9).
 11666 | Lair:5   | Found a staircase to the Swamp.
 11832 | Lair:5   | Found a staircase to the Snake Pit.
 11858 | Lair:5   | 11858 ||| DRINKING potion of heal wounds.
 12099 | Lair:5   | 12099 ||| ZAPPING wand of heal wounds (7/9).
 12103 | Lair:5   | 12103 ||| ZAPPING wand of heal wounds (6/9).
 12200 | Lair:5   | Received a gift from Trog
 12328 | Lair:5   | Reached XP level 13. HP: 95/121 MP: 11/11
 12548 | Lair:5   | 12548 ||| UPGRADING to runed diamond ring.
 12549 | Lair:5   | 12549 ||| READING 2 scrolls of identify.
 12549 | Lair:5   | 12549 ||| IDENTIFYING blue potion
 12595 | Lair:6   | 12595 ||| INVOKING Burn Spellbooks.
 12636 | Lair:6   | 12636 ||| ZAPPING wand of heal wounds (5/9).
 12673 | Lair:6   | 12673 ||| ZAPPING wand of heal wounds (4/9).
 12674 | Lair:6   | 12674 ||| READING scroll of recharging.
 12674 | Lair:6   | 12674 ||| RECHARGING wand of heal wounds (3/9).
 12718 | Lair:6   | 12718 ||| ZAPPING wand of heal wounds (9/9).
 12719 | Lair:6   | 12719 ||| ZAPPING wand of heal wounds (8/9).
 12720 | Lair:6   | 12720 ||| ZAPPING wand of heal wounds (7/9).
 12721 | Lair:6   | 12721 ||| ZAPPING wand of heal wounds (6/9).
 12722 | Lair:6   | 12722 ||| ZAPPING wand of heal wounds (5/9).
 12723 | Lair:6   | 12723 ||| READING scroll of teleportation.
 12724 | Lair:6   | 12724 ||| ZAPPING wand of heal wounds (4/9).
 12725 | Lair:6   | 12725 ||| ZAPPING wand of heal wounds (3/9).
 12726 | Lair:6   | 12726 ||| ZAPPING wand of heal wounds (2/9).
 12727 | Lair:6   | 12727 ||| ZAPPING wand of heal wounds (1/9).
 12728 | Lair:6   | 12728 ||| MP-RECHARGING wand of heal wounds (0/9).
 12734 | Lair:6   | 12734 ||| ZAPPING wand of heal wounds (4/9).
 12744 | Lair:6   | 12744 ||| ZAPPING wand of heal wounds (3/9).
 12745 | Lair:6   | 12745 ||| MP-RECHARGING wand of heal wounds (2/9).
 12794 | Lair:6   | Reached skill level 19 in Axes
 12801 | Lair:6   | 12801 ||| Stepping randomly (stuck).
 12803 | Lair:6   | 12803 ||| Stepping randomly (stuck).
 12807 | Lair:6   | 12807 ||| ZAPPING wand of heal wounds (8/9).
 12808 | Lair:6   | 12808 ||| Stepping randomly (stuck).
 12962 | Lair:6   | 12962 ||| ZAPPING wand of heal wounds (7/9).
 13167 | Lair:6   | Found a staircase to the Slime Pits.
 13360 | Lair:6   | 13360 ||| ZAPPING wand of heal wounds (6/9).
 13465 | Lair:6   | 13465 ||| EATING slice of pizza.
 13479 | Lair:6   | 13479 ||| UPGRADING to twisted peridot amulet.
 13480 | Lair:6   | 13480 ||| REMOVING amulet of the gourmand.
 13481 | Lair:6   | 13481 ||| DROPPING amulet of the gourmand.
 13515 | Lair:7   | 13515 ||| STAIRDANCE
 13524 | Lair:7   | 13524 ||| STAIRDANCE
 13615 | Lair:7   | 13615 ||| ZAPPING wand of heal wounds (5/9).
 13959 | Lair:7   | 13959 ||| ZAPPING wand of heal wounds (4/9).
 13960 | Lair:7   | 13960 ||| MP-RECHARGING wand of heal wounds (3/9).
 14107 | Lair:7   | 14107 ||| ZAPPING wand of heal wounds (8/9).
 14192 | Lair:7   | 14192 ||| INVOKING Berserk.
 14202 | Lair:7   | 14202 ||| READING scroll of teleportation.
 14204 | Lair:7   | 14204 ||| Stepping ~*~*~tactically~*~*~ (cloud).
 14211 | Lair:7   | 14211 ||| INVOKING Brothers in Arms.
 14214 | Lair:7   | Reached skill level 20 in Axes
 14412 | Lair:7   | 14412 ||| READING 2 scrolls of identify.
 14412 | Lair:7   | 14412 ||| IDENTIFYING ruby potion
 14413 | Lair:7   | 14413 ||| DROPPING potion of degeneration.
 14448 | Lair:8   | Entered Level 8 of the Lair of Beasts
 14474 | Lair:8   | 14474 ||| Stepping ~*~*~tactically~*~*~ (water).
 14478 | Lair:8   | 14478 ||| ZAPPING wand of heal wounds (7/9).
 14489 | Lair:8   | 14489 ||| ZAPPING wand of heal wounds (6/9).
 14490 | Lair:8   | Received a gift from Trog
 14492 | Lair:8   | 14492 ||| ZAPPING wand of heal wounds (5/9).
 14507 | Lair:8   | Gained mutation: You resist negative energy. [Deep Dwarf growth]
 14507 | Lair:8   | Reached XP level 14. HP: 68/132 MP: 9/9
 14509 | Lair:8   | 14509 ||| ZAPPING wand of heal wounds (4/9).
 14517 | Lair:8   | 14517 ||| ZAPPING wand of heal wounds (3/9).
 14518 | Lair:8   | 14518 ||| MP-RECHARGING wand of heal wounds (2/9).
 14528 | Lair:8   | 14528 ||| Stepping ~*~*~tactically~*~*~ (water).
 14534 | Lair:8   | 14534 ||| INVOKING Burn Spellbooks.
 14564 | Lair:8   | 14564 ||| UPGRADING to runed battleaxe {god gift}.
 14565 | Lair:8   | 14565 ||| UPGRADING to +5 battleaxe of flaming.
 14566 | Lair:8   | 14566 ||| DROPPING +1 battleaxe of chopping.
 14605 | Lair:8   | 14605 ||| INVOKING Burn Spellbooks.
 14643 | Lair:8   | 14643 ||| Stepping ~*~*~tactically~*~*~ (water).
 14649 | Lair:8   | 14649 ||| Stepping ~*~*~tactically~*~*~ (water).
 14655 | Lair:8   | 14655 ||| ZAPPING wand of heal wounds (9/9).
 14666 | Lair:8   | 14666 ||| Stepping ~*~*~tactically~*~*~ (water).
 14683 | Lair:8   | 14683 ||| READING scroll of enchant armour.
 14683 | Lair:8   | 14683 ||| ENCHANTING +0 helmet.
 14696 | Lair:8   | 14696 ||| INVOKING Brothers in Arms.
 14701 | Lair:8   | 14701 ||| INVOKING Berserk.
 14795 | Lair:8   | 14795 ||| ZAPPING wand of heal wounds (8/9).
 14838 | Lair:8   | 14838 ||| Stepping ~*~*~tactically~*~*~ (water).
 14943 | Lair:8   | 14943 ||| ZAPPING wand of heal wounds (7/9).
 14964 | Lair:8   | 14964 ||| INVOKING Brothers in Arms.
 14967 | Lair:8   | 14967 ||| INVOKING Berserk.
 14971 | Lair:8   | Reached skill level 9 in Dodging
 14980 | Lair:8   | Reached skill level 9 in Armour
 14992 | Lair:8   | 14992 ||| ZAPPING wand of heal wounds (6/9).
 15070 | Lair:8   | 15070 ||| INVOKING Brothers in Arms.
 15073 | Lair:8   | 15073 ||| INVOKING Berserk.
 15076 | Lair:8   | Received a gift from Trog
 15105 | Lair:8   | 15105 ||| ZAPPING wand of heal wounds (5/9).
 15133 | Lair:8   | 15133 ||| UPGRADING to runed executioner's axe {god gift}.
 15134 | Lair:8   | 15134 ||| DROPPING +5 battleaxe of flaming.
 15340 | Lair:8   | 15340 ||| ZAPPING wand of heal wounds (4/9).
 15341 | Lair:8   | 15341 ||| MP-RECHARGING wand of heal wounds (3/9).
 15501 | Lair:8   | 15501 ||| Stepping ~*~*~tactically~*~*~ (water).
 15504 | Lair:8   | 15504 ||| ZAPPING wand of heal wounds (5/9).
 15528 | Lair:8   | 15528 ||| UPGRADING to runed hat.
 15538 | Lair:8   | 15538 ||| UPGRADING to +1 helmet.
 15548 | Lair:8   | 15548 ||| DROPPING +1 hat.
 15795 | D:9      | 15795 ||| INVOKING Burn Spellbooks.
 15880 | D:9      | Found a staircase to the Orcish Mines.
 15927 | D:9      | 15927 ||| INVOKING Burn Spellbooks.
 15994 | D:9      | 15994 ||| DRINKING 10 potions of curing.
 15994 | D:9      | 15994 ||| (to cure confusion)
 16011 | D:9      | Received a gift from Trog
 16023 | D:9      | 16023 ||| UPGRADING to runed battleaxe {god gift}.
 16024 | D:9      | 16024 ||| UPGRADING to +8 antimagic executioner's axe.
 16025 | D:9      | 16025 ||| DROPPING +5 antimagic battleaxe.
 16207 | D:9      | 16207 ||| INVOKING Burn Spellbooks.
 16443 | D:9      | 16443 ||| READING scroll of enchant armour.
 16443 | D:9      | 16443 ||| ENCHANTING +1 helmet.
 16529 | D:9      | 16529 ||| READING scroll labeled OZICIU YP UNOGOMO.
 16529 | D:9      | Identified a scroll of acquirement
 16531 | D:9      | 16531 ||| UPGRADING to pair of glowing boots.
 16541 | D:9      | 16541 ||| DROPPING +0 pair of boots.
 16542 | D:9      | 16542 ||| READING scroll labeled PAKIECOIPY.
 16564 | D:9      | 16564 ||| READING 2 scrolls of identify.
 16564 | D:9      | 16564 ||| IDENTIFYING green potion
 16565 | D:9      | 16565 ||| DROPPING potion of magic.
 16577 | Orc:1    | Entered Level 1 of the Orcish Mines
 16578 | Orc:1    | 16578 ||| Entered O.
 16603 | Orc:1    | 16603 ||| ZAPPING wand of heal wounds (4/9).
 16604 | Orc:1    | 16604 ||| MP-RECHARGING wand of heal wounds (3/9).
 16704 | Orc:1    | 16704 ||| INVOKING Berserk.
 16885 | Orc:2    | Entered Level 2 of the Orcish Mines
 16928 | Orc:2    | Found a staircase to the Elven Halls.
 17008 | Orc:2    | 17008 ||| INVOKING Berserk.
 17021 | Orc:2    | Found Ceigis's General Store.
 17021 | Orc:2    | Found Hyf Gyon's General Store.
 17028 | Orc:2    | 17028 ||| ZAPPING wand of heal wounds (9/9).
 17030 | Orc:2    | 17030 ||| ZAPPING wand of heal wounds (8/9).
 17034 | Orc:2    | Reached ****** piety under Trog
 17042 | Orc:2    | 17042 ||| INVOKING Trog's Hand.
 17207 | Orc:2    | 17207 ||| INVOKING Trog's Hand.
 17234 | Orc:2    | Found Aquwahuv's Jewellery Shop.
 17239 | Orc:2    | Found Nedum's Assorted Antiques.
 17245 | Orc:2    | Bought a scroll of identify for 26 gold pieces
 17245 | Orc:2    | Bought a scroll of holy word for 97 gold pieces
 17245 | Orc:2    | Bought a scroll of identify for 26 gold pieces
 17245 | Orc:2    | Bought a beef jerky for 19 gold pieces
 17245 | Orc:2    | Bought 3 fruits for 58 gold pieces
 17245 | Orc:2    | Bought a meat ration for 65 gold pieces
 17245 | Orc:2    | Bought a scroll of recharging for 123 gold pieces
 17245 | Orc:2    | Bought a scroll of identify for 26 gold pieces
 17246 | Orc:2    | Bought a meat ration for 90 gold pieces
 17246 | Orc:2    | Bought a scroll of identify for 36 gold pieces
 17246 | Orc:2    | Bought a beef jerky for 27 gold pieces
 17246 | Orc:2    | Bought a bread ration for 90 gold pieces
 17246 | Orc:2    | Bought a scroll of remove curse for 54 gold pieces
 17246 | Orc:2    | Bought a bread ration for 90 gold pieces
 17248 | Orc:2    | Bought a scroll of identify for 58 gold pieces
 17248 | Orc:2    | Bought a shiny chain mail for 130 gold pieces
 17248 | Orc:2    | Bought a scroll of teleportation for 87 gold pieces
 17248 | Orc:2    | Bought a wooden wand for 116 gold pieces
 17253 | Orc:2    | Bought an uncursed ring of positive energy for 280 gold pieces
 17323 | Orc:2    | 17323 ||| ZAPPING wand of heal wounds (7/9).
 17457 | Orc:2    | 17457 ||| Stepping ~*~*~tactically~*~*~ (water).
 17473 | Orc:2    | Received a gift from Trog
 17484 | Orc:2    | 17484 ||| INVOKING Trog's Hand.
 17678 | Orc:2    | 17678 ||| UPGRADING to shiny chain mail.
 17688 | Orc:2    | 17688 ||| UPGRADING to +0 plate armour.
 17698 | Orc:2    | 17698 ||| UPGRADING to shiny chain mail.
 17708 | Orc:2    | 17708 ||| UPGRADING to +0 plate armour.
 17718 | Orc:2    | 17718 ||| DROPPING +3 chain mail.
 17719 | Orc:2    | 17719 ||| DROPPING wand of iceblast.
 17720 | Orc:2    | 17720 ||| READING scroll of teleportation.
 17725 | Orc:2    | 17725 ||| Stepping randomly (stuck).
 17726 | Orc:2    | 17726 ||| Stepping randomly (stuck).
 17727 | Orc:2    | 17727 ||| Stepping randomly (stuck).
 17728 | Orc:2    | 17728 ||| Stepping randomly (stuck).
 17729 | Orc:2    | 17729 ||| Stepping randomly (stuck).
 17730 | Orc:2    | 17730 ||| Stepping randomly (stuck).
 17731 | Orc:2    | 17731 ||| Stepping randomly (stuck).
 17732 | Orc:2    | 17732 ||| Stepping randomly (stuck).
 17733 | Orc:2    | 17733 ||| Stepping randomly (stuck).
 17734 | Orc:2    | 17734 ||| Stepping randomly (stuck).
 17735 | Orc:2    | 17735 ||| Stepping randomly (stuck).
 17736 | Orc:2    | 17736 ||| Stepping randomly (stuck).
 17737 | Orc:2    | 17737 ||| Stepping randomly (stuck).
 17738 | Orc:2    | 17738 ||| Stepping randomly (stuck).
 17739 | Orc:2    | 17739 ||| Stepping randomly (stuck).
 17740 | Orc:2    | 17740 ||| Stepping randomly (stuck).
 17741 | Orc:2    | 17741 ||| Stepping randomly (stuck).
 17742 | Orc:2    | 17742 ||| Stepping randomly (stuck).
 17743 | Orc:2    | 17743 ||| Stepping randomly (stuck).
 17744 | Orc:2    | 17744 ||| Stepping randomly (stuck).
 17745 | Orc:2    | 17745 ||| Stepping randomly (stuck).
 17746 | Orc:2    | 17746 ||| Stepping randomly (stuck).
 17747 | Orc:2    | 17747 ||| Stepping randomly (stuck).
 17748 | Orc:2    | 17748 ||| Stepping randomly (stuck).
 17749 | Orc:2    | 17749 ||| Stepping randomly (stuck).
 17750 | Orc:2    | 17750 ||| Stepping randomly (stuck).
 17751 | Orc:2    | 17751 ||| Stepping randomly (stuck).
 17752 | Orc:2    | 17752 ||| Stepping randomly (stuck).
 17753 | Orc:2    | 17753 ||| Stepping randomly (stuck).
 17754 | Orc:2    | 17754 ||| Stepping randomly (stuck).
 17755 | Orc:2    | 17755 ||| Stepping randomly (stuck).
 17756 | Orc:2    | 17756 ||| Stepping randomly (stuck).
 17757 | Orc:2    | 17757 ||| Stepping randomly (stuck).
 17758 | Orc:2    | 17758 ||| Stepping randomly (stuck).
 17799 | D:10     | Entered Level 10 of the Dungeon
 17799 | D:10     | Noticed Maud
 17804 | D:10     | 17804 ||| STAIRDANCE
 17806 | D:9      | 17806 ||| INVOKING Berserk.
 17812 | D:9      | Killed Maud
 17871 | D:10     | 17871 ||| READING scroll of enchant armour.
 17871 | D:10     | 17871 ||| ENCHANTING +0 plate armour.
 17920 | D:10     | Got an ichor-stained chain mail
 18553 | D:10     | Found a portal to a secret trove of treasure.
 18661 | D:10     | 18661 ||| UPGRADING to ichor-stained chain mail.
 18671 | D:10     | Identified the +5 chain mail "Kaothry" {rElec Str+2 Int+3} (You found it on level 10 of the Dungeon)
 18671 | D:10     | 18671 ||| DROPPING +1 plate armour.
 18672 | D:10     | 18672 ||| DROPPING wand of polymorph.
 18698 | D:11     | 18698 ||| STAIRDANCE
 18745 | D:11     | Got a brightly glowing platinum ring
 18848 | D:11     | 18848 ||| INVOKING Berserk.
 18862 | D:11     | 18862 ||| INVOKING Trog's Hand.
 18960 | D:11     | 18960 ||| READING scroll of enchant weapon.
 18960 | D:11     | 18960 ||| ENCHANTING +8 antimagic executioner's axe.
 19271 | D:11     | 19271 ||| UPGRADING to brightly glowing platinum ring.
 19272 | D:11     | Identified the ring "Vanaipig" {rElec rPois Int-5 SInv Stlth-} (You found it on level 11 of the Dungeon)
 19273 | D:11     | 19273 ||| READING scroll labeled TASOAKLOEMU.
 19274 | D:11     | 19274 ||| READING 7 scrolls of identify.
 19274 | D:11     | 19274 ||| IDENTIFYING silvery potion
 19275 | D:11     | 19275 ||| READING 6 scrolls of identify.
 19275 | D:11     | 19275 ||| IDENTIFYING black potion
 19276 | D:11     | 19276 ||| DRINKING potion of beneficial mutation.
 19276 | D:11     | Gained mutation: You have a pair of small antennae on your head. [potion of beneficial mutation]
 19277 | D:11     | 19277 ||| DROPPING +2 helmet.
 19278 | D:11     | 19278 ||| READING 5 scrolls of identify.
 19278 | D:11     | 19278 ||| IDENTIFYING murky silvery potion
 19279 | D:11     | 19279 ||| DROPPING potion of berserk rage.
 19314 | D:12     | 19314 ||| STAIRDANCE
 19321 | D:12     | 19321 ||| STAIRDANCE
 19326 | D:12     | 19326 ||| STAIRDANCE
 19331 | D:12     | 19331 ||| STAIRDANCE
 19336 | D:12     | 19336 ||| STAIRDANCE
 19344 | D:12     | 19344 ||| STAIRDANCE
 19411 | D:12     | Received a gift from Trog
 19415 | D:12     | 19415 ||| UPGRADING to glowing executioner's axe {god gift}.
 19415 | D:12     | 19415 ||| Eating in order to wield vampiric weapon.
 19415 | D:12     | 19415 ||| EATING 8 fruits.
 19416 | D:12     | 19416 ||| Eating in order to wield vampiric weapon.
 19416 | D:12     | 19416 ||| EATING 7 fruits.
 19417 | D:12     | 19417 ||| Eating in order to wield vampiric weapon.
 19417 | D:12     | 19417 ||| EATING 6 fruits.
 19418 | D:12     | 19418 ||| Eating in order to wield vampiric weapon.
 19418 | D:12     | 19418 ||| EATING 5 fruits.
 19419 | D:12     | 19419 ||| Eating in order to wield vampiric weapon.
 19419 | D:12     | 19419 ||| EATING 4 fruits.
 19420 | D:12     | 19420 ||| UPGRADING to vampiric executioner's axe {god gift}.
 19421 | D:12     | 19421 ||| DROPPING +9 antimagic executioner's axe.
 19481 | D:12     | Reached skill level 21 in Axes
 19679 | D:12     | 19679 ||| INVOKING Brothers in Arms.
 19682 | D:12     | 19682 ||| INVOKING Berserk.
 19682 | D:12     | Reached XP level 15. HP: 140/140 MP: 7/7
 19765 | D:12     | 19765 ||| DROPPING 12 tomahawks.
 19766 | D:12     | 19766 ||| Stepping randomly (stuck).
 20273 | D:13     | Found a gate to the Vaults.
 20332 | D:13     | 20332 ||| INVOKING Trog's Hand.
 20480 | D:13     | 20480 ||| INVOKING Berserk.
 20818 | D:13     | 20818 ||| INVOKING Trog's Hand.
 20849 | D:13     | 20849 ||| EATING 3 fruits.
 20853 | D:13     | 20853 ||| READING scroll of enchant weapon.
 20853 | D:13     | 20853 ||| ENCHANTING +4 vampiric executioner's axe.
 21045 | D:13     | 21045 ||| UPGRADING to ring of protection from fire.
 21047 | D:13     | 21047 ||| UPGRADING to ring "Vanaipig" {rElec rPois Int-5 SInv Stlth-}.
 21049 | D:13     | 21049 ||| DROPPING wand of enslavement.
 21052 | D:13     | 21052 ||| EATING 2 fruits.
 21175 | D:14     | 21175 ||| INVOKING Trog's Hand.
 21176 | D:14     | 21176 ||| INVOKING Brothers in Arms.
 21212 | D:14     | Noticed Kirke
 21222 | D:14     | 21222 ||| INVOKING Trog's Hand.
 21228 | D:14     | Killed Kirke
 21366 | D:14     | You fall through a shaft!
 21366 | D:15     | Entered Level 15 of the Dungeon
 21369 | D:15     | 21369 ||| Shafted from D:14 to D:15.
 21376 | D:14     | 21376 ||| Successfully unshafted to D:14.
 21527 | D:14     | 21527 ||| INVOKING Berserk.
 21543 | D:14     | 21543 ||| EATING fruit.
 21649 | D:14     | Received a gift from Trog
 21656 | D:14     | 21656 ||| INVOKING Brothers in Arms.
 21658 | D:14     | 21658 ||| INVOKING Berserk.
 21884 | D:14     | 21884 ||| EATING 16 bread rations.
 21892 | D:14     | 21892 ||| EATING 2 beef jerkies.
 22143 | D:14     | 22143 ||| INVOKING Brothers in Arms.
 22146 | D:14     | 22146 ||| INVOKING Berserk.
 22153 | D:14     | Reached skill level 22 in Axes
 22520 | D:15     | 22520 ||| INVOKING Berserk.
 22626 | D:15     | 22626 ||| INVOKING Brothers in Arms.
 22629 | D:15     | 22629 ||| INVOKING Berserk.
 22991 | D:15     | 22991 ||| READING scroll of enchant weapon.
 22991 | D:15     | 22991 ||| ENCHANTING +5 vampiric executioner's axe.
 23035 | D:15     | Found a staircase to the Depths.
 23093 | D:15     | 23093 ||| INVOKING Berserk.
 23185 | D:15     | 23185 ||| INVOKING Trog's Hand.
 23320 | D:15     | 23320 ||| INVOKING Burn Spellbooks.
 23514 | D:15     | 23514 ||| UPGRADING to blackened gilded ring.
 23516 | D:15     | 23516 ||| REMOVING ring of stealth.
 23517 | D:15     | 23517 ||| DROPPING ring of stealth.
 23518 | D:15     | 23518 ||| UPGRADING to ring of protection from fire.
 23519 | D:15     | 23519 ||| UPGRADING to ring "Vanaipig" {rElec rPois Int-5 SInv Stlth-}.
 23576 | D:14     | 23576 ||| INVOKING Trog's Hand.
 23816 | Lair:5   | 23816 ||| DROPPING poisoned tomahawk.
 23863 | Lair:8   | 23863 ||| STAIRDANCE
 23867 | Lair:8   | 23867 ||| STAIRDANCE
 23873 | Lair:8   | 23873 ||| STAIRDANCE
 23954 | Snake:1  | Entered Level 1 of the Snake Pit
 23955 | Snake:1  | 23955 ||| Entered P.
 24261 | Snake:1  | Received a gift from Trog
 24409 | Snake:1  | 24409 ||| INVOKING Berserk.
 24838 | Snake:2  | Reached XP level 16. HP: 148/151 MP: 8/8
 24841 | Snake:2  | Reached skill level 23 in Axes
 24878 | Snake:2  | 24878 ||| INVOKING Berserk.
 25218 | Snake:2  | 25218 ||| UPGRADING to embroidered cloak.
 25228 | Snake:2  | 25228 ||| UPGRADING to +2 cloak.
 25238 | Snake:2  | 25238 ||| DROPPING +1 cloak.
 25289 | Snake:3  | Received a gift from Trog
 25345 | Snake:3  | 25345 ||| INVOKING Berserk.
 25462 | Snake:3  | 25462 ||| INVOKING Berserk.
 25464 | Snake:3  | Noticed Vashnia
 25479 | Snake:3  | 25479 ||| READING 4 scrolls of teleportation.
 25480 | Snake:3  | 25480 ||| ZAPPING wand of heal wounds (6/9).
 25482 | Snake:3  | 25482 ||| ZAPPING wand of heal wounds (5/9).
 25483 | Snake:3  | 25483 ||| EATING slice of pizza.
 25642 | Snake:3  | 25642 ||| EATING 2 beef jerkies.
 25681 | Snake:3  | 25681 ||| INVOKING Brothers in Arms.
 25682 | Snake:3  | 25682 ||| INVOKING Berserk.
 25704 | Snake:3  | Killed Vashnia
 25704 | Snake:3  | Reached skill level 12 in Fighting
 25704 | Snake:3  | Reached skill level 24 in Axes
 25713 | Snake:3  | 25713 ||| READING 3 scrolls of teleportation.
 25741 | Snake:3  | 25741 ||| EATING beef jerky.
 25801 | Snake:4  | Entered Level 4 of the Snake Pit
 25913 | Snake:4  | Noticed magipi's ghost (adept NaBe)
 25914 | Snake:4  | 25914 ||| INVOKING Brothers in Arms.
 25917 | Snake:4  | 25917 ||| INVOKING Brothers in Arms.
 25918 | Snake:4  | 25918 ||| INVOKING Berserk.
 25924 | Snake:4  | Killed magipi's ghost
 25949 | Snake:4  | 25949 ||| EATING 10 royal jellies.
 26082 | Snake:4  | 26082 ||| INVOKING Berserk.
 26094 | Snake:4  | Received a gift from Trog
 26107 | Snake:4  | 26107 ||| READING 2 scrolls of teleportation.
 26114 | Snake:4  | 26114 ||| READING scroll of teleportation.
 26116 | Snake:4  | Reached XP level 17. HP: 152/159 MP: 3/9
 26123 | Snake:4  | 26123 ||| EATING 9 royal jellies.
 26170 | Snake:4  | 26170 ||| INVOKING Berserk.
 26221 | Snake:4  | 26221 ||| INVOKING Berserk.
 26246 | Snake:4  | 26246 ||| INVOKING Brothers in Arms.
 26254 | Snake:4  | 26254 ||| ZAPPING wand of heal wounds (4/9).
 26256 | Snake:4  | 26256 ||| ZAPPING wand of heal wounds (3/9).
 26257 | Snake:4  | 26257 ||| ZAPPING wand of heal wounds (2/9).
 26258 | Snake:4  | 26258 ||| INVOKING Brothers in Arms.
 26259 | Snake:4  | 26259 ||| EATING 23 meat rations.
 26262 | Snake:4  | 26262 ||| ZAPPING wand of heal wounds (1/9).
 26263 | Snake:4  | 26263 ||| READING 2 scrolls of recharging.
 26263 | Snake:4  | 26263 ||| RECHARGING wand of heal wounds (0/9).
 26264 | Snake:4  | 26264 ||| ZAPPING wand of heal wounds (4/9).
 26266 | Snake:4  | Received a gift from Trog
 26266 | Snake:4  | Reached skill level 25 in Axes
 26284 | Snake:4  | 26284 ||| READING scroll of recharging.
 26284 | Snake:4  | 26284 ||| RECHARGING wand of heal wounds (3/9).
 26466 | Snake:4  | 26466 ||| INVOKING Berserk.
 26485 | Snake:4  | 26485 ||| Stepping ~*~*~tactically~*~*~ (water).
 26596 | Snake:4  | Found Duvafyos's Armour Shop.
 26699 | Snake:4  | Got a serpentine rune of Zot
 26725 | Snake:4  | 26725 ||| INVOKING Burn Spellbooks.
 27119 | Snake:3  | 27119 ||| EATING 8 royal jellies.
 27545 | Vaults:1 | Entered Level 1 of the Vaults
 27546 | Vaults:1 | 27546 ||| Entered V.
 27606 | Vaults:1 | 27606 ||| INVOKING Trog's Hand.
 27647 | Vaults:1 | 27647 ||| INVOKING Brothers in Arms.
 27689 | Vaults:1 | 27689 ||| INVOKING Trog's Hand.
 27692 | Vaults:1 | 27692 ||| INVOKING Brothers in Arms.
 27697 | Vaults:1 | 27697 ||| INVOKING Berserk.
 27842 | Vaults:1 | 27842 ||| INVOKING Brothers in Arms.
 27843 | Vaults:1 | 27843 ||| INVOKING Trog's Hand.
 27844 | Vaults:1 | 27844 ||| INVOKING Berserk.
 27974 | Vaults:1 | 27974 ||| INVOKING Brothers in Arms.
 27976 | Vaults:1 | 27976 ||| INVOKING Berserk.
 28150 | Vaults:1 | 28150 ||| INVOKING Brothers in Arms.
 28152 | Vaults:1 | 28152 ||| INVOKING Trog's Hand.
 28153 | Vaults:1 | 28153 ||| INVOKING Berserk.
 28248 | Vaults:1 | 28248 ||| INVOKING Trog's Hand.
 28260 | Vaults:1 | 28260 ||| ZAPPING wand of heal wounds (7/9).
 28264 | Vaults:1 | 28264 ||| ZAPPING wand of heal wounds (6/9).
 28266 | Vaults:1 | 28266 ||| ZAPPING wand of heal wounds (5/9).
 28318 | Vaults:1 | 28318 ||| INVOKING Burn Spellbooks.
 28320 | Vaults:1 | 28320 ||| INVOKING Burn Spellbooks.
 28340 | Vaults:1 | Reached skill level 26 in Axes
 28461 | Vaults:1 | You fall through a shaft!
 28462 | Vaults:2 | 28462 ||| Shafted from Vaults:1 to Vaults:2.
 28462 | Vaults:2 | 28462 ||| INVOKING Trog's Hand.
 28511 | Vaults:2 | 28511 ||| INVOKING Berserk.
 28603 | Vaults:2 | Gained mutation: You passively map a large area around you. [Deep Dwarf growth]
 28603 | Vaults:2 | Reached XP level 18. HP: 145/171 MP: 10/10
 28664 | Vaults:2 | Received a gift from Trog
 28701 | Vaults:2 | 28701 ||| INVOKING Trog's Hand.
 28999 | Vaults:2 | 28999 ||| INVOKING Trog's Hand.
 29104 | Vaults:2 | 29104 ||| INVOKING Trog's Hand.
 29192 | Vaults:2 | 29192 ||| INVOKING Trog's Hand.
 29277 | Vaults:2 | 29277 ||| INVOKING Trog's Hand.
 29278 | Vaults:2 | 29278 ||| INVOKING Berserk.
 29292 | Vaults:2 | Noticed an Ice Fiend
 29294 | Vaults:2 | Noticed an Ice Fiend
 29307 | Vaults:2 | Reached skill level 12 in Armour
 29315 | Vaults:2 | Received a gift from Trog
 29323 | Vaults:2 | Reached skill level 12 in Dodging
 29520 | Vaults:2 | 29520 ||| UPGRADING to glowing plate armour.
 29530 | Vaults:2 | 29530 ||| DROPPING +1 chain mail of fire resistance.
 29531 | Vaults:2 | 29531 ||| DROPPING +5 chain mail "Kaothry" {rElec Str+2 Int+3}.
 29532 | Vaults:2 | 29532 ||| READING scroll of enchant armour.
 29532 | Vaults:2 | 29532 ||| ENCHANTING +4 plate armour of fire resistance.
 29533 | Vaults:2 | 29533 ||| UPGRADING to dented jasper amulet.
 29534 | Vaults:2 | 29534 ||| REMOVING amulet of harm.
 29535 | Vaults:2 | 29535 ||| DROPPING amulet of harm.
 29536 | Vaults:2 | 29536 ||| READING 18 scrolls of identify.
 29536 | Vaults:2 | 29536 ||| IDENTIFYING golden potion
 29537 | Vaults:2 | 29537 ||| DROPPING potion of lignification.
 29564 | Vaults:3 | Noticed Asterion
 29565 | Vaults:3 | 29565 ||| INVOKING Brothers in Arms.
 29568 | Vaults:3 | 29568 ||| INVOKING Berserk.
 29572 | Vaults:3 | Killed Asterion
 29697 | Vaults:3 | 29697 ||| INVOKING Trog's Hand.
 29712 | Vaults:3 | 29712 ||| INVOKING Berserk.
 29842 | Vaults:3 | 29842 ||| INVOKING Trog's Hand.
 29868 | Vaults:3 | 29868 ||| INVOKING Trog's Hand.
 30000 | Vaults:3 | 30000 ||| INVOKING Trog's Hand.
 30038 | Vaults:3 | Received a gift from Trog
 30166 | Vaults:3 | 30166 ||| INVOKING Brothers in Arms.
 30167 | Vaults:3 | 30167 ||| INVOKING Trog's Hand.
 30178 | Vaults:3 | 30178 ||| INVOKING Brothers in Arms.
 30181 | Vaults:3 | 30181 ||| INVOKING Berserk.
 30394 | Vaults:3 | Found a staircase to the Crypt.
 30458 | Vaults:3 | Reached XP level 19. HP: 102/178 MP: 11/11
 30470 | Vaults:3 | 30470 ||| DRINKING potion of heal wounds.
 30688 | Vaults:3 | Found Wufiotha's Weapon Emporium.
 30870 | Vaults:3 | 30870 ||| DROPPING wand of digging.
 31036 | Vaults:4 | 31036 ||| INVOKING Berserk.
 31182 | Vaults:4 | Found Voklut's Antique Armour Emporium.
 31204 | Vaults:4 | Bought a runed plate armour for 851 gold pieces
 31244 | Vaults:4 | Received a gift from Trog
 31247 | Vaults:4 | 31247 ||| INVOKING Berserk.
 31604 | Vaults:4 | 31604 ||| INVOKING Trog's Hand.
 32104 | Vaults:4 | 32104 ||| ZAPPING wand of heal wounds (4/9).
 32105 | Vaults:4 | 32105 ||| READING scroll of recharging.
 32105 | Vaults:4 | 32105 ||| RECHARGING wand of heal wounds (3/9).
 32163 | Vaults:4 | 32163 ||| INVOKING Trog's Hand.
 32257 | Vaults:4 | 32257 ||| UPGRADING to glowing plate armour.
 32267 | Vaults:4 | 32267 ||| UPGRADING to +5 plate armour of fire resistance.
 32277 | Vaults:4 | 32277 ||| DROPPING +2 plate armour of cold resistance.
 32278 | Vaults:4 | 32278 ||| UPGRADING to runed plate armour.
 32288 | Vaults:4 | 32288 ||| UPGRADING to +5 plate armour of fire resistance.
 33019 | Swamp:1  | Entered Level 1 of the Swamp
 33020 | Swamp:1  | 33020 ||| Entered S.
 33071 | Swamp:1  | 33071 ||| INVOKING Berserk.
 33186 | Swamp:1  | 33186 ||| Stepping ~*~*~tactically~*~*~ (water).
 33225 | Swamp:1  | 33225 ||| Stepping ~*~*~tactically~*~*~ (water).
 33264 | Swamp:1  | Noticed Nikola
 33267 | Swamp:1  | 33267 ||| INVOKING Berserk.
 33283 | Swamp:1  | Killed Nikola
 33324 | Swamp:1  | Got a pair of jewelled gloves
 33330 | Swamp:1  | 33330 ||| DRINKING potion of beneficial mutation.
 33330 | Swamp:1  | Gained mutation: Your spells are a little harder to cast, but a little more powerful. [potion of beneficial mutation]
 33394 | Swamp:1  | 33394 ||| Stepping ~*~*~tactically~*~*~ (water).
 33457 | Swamp:1  | 33457 ||| Stepping ~*~*~tactically~*~*~ (cloud).
 33491 | Swamp:1  | 33491 ||| Stepping ~*~*~tactically~*~*~ (water).
 33606 | Swamp:1  | 33606 ||| READING scroll of enchant armour.
 33606 | Swamp:1  | 33606 ||| ENCHANTING +5 plate armour of fire resistance.
 33838 | Swamp:1  | 33838 ||| UPGRADING to pair of jewelled gloves.
 33848 | Swamp:1  | Identified the +1 pair of gloves "Yhumae" {MR+ Stlth+} (You took it off Nikola on level 1 of the Swamp)
 33848 | Swamp:1  | 33848 ||| DROPPING +0 plate armour of fire resistance.
 33881 | Swamp:2  | 33881 ||| STAIRDANCE
 33894 | Swamp:2  | 33894 ||| Stepping ~*~*~tactically~*~*~ (water).
 33911 | Swamp:2  | 33911 ||| INVOKING Brothers in Arms.
 33916 | Swamp:2  | 33916 ||| ZAPPING wand of heal wounds (8/9).
 33919 | Swamp:2  | 33919 ||| Stepping ~*~*~tactically~*~*~ (water).
 33974 | Swamp:2  | 33974 ||| ZAPPING wand of heal wounds (7/9).
 33975 | Swamp:2  | 33975 ||| ZAPPING wand of heal wounds (6/9).
 34008 | Swamp:2  | 34008 ||| EATING 2 fruits.
 34138 | Swamp:2  | 34138 ||| INVOKING Burn Spellbooks.
 34156 | Swamp:2  | 34156 ||| Stepping ~*~*~tactically~*~*~ (water).
 34176 | Swamp:2  | 34176 ||| Stepping ~*~*~tactically~*~*~ (water).
 34206 | Swamp:2  | Received a gift from Trog
 34218 | Swamp:2  | 34218 ||| Stepping ~*~*~tactically~*~*~ (water).
 34519 | Swamp:2  | 34519 ||| EATING 7 royal jellies.
 34577 | Swamp:2  | 34577 ||| UPGRADING to coral ring.
 34579 | Swamp:2  | 34579 ||| UPGRADING to encrusted jade ring.
 34581 | Swamp:2  | 34581 ||| REMOVING ring of sustain attributes.
 34582 | Swamp:2  | 34582 ||| UPGRADING to ring of protection from fire.
 34583 | Swamp:2  | 34583 ||| UPGRADING to ring "Vanaipig" {rElec rPois Int-5 SInv Stlth-}.
 34585 | Swamp:2  | 34585 ||| DROPPING ring of sustain attributes.
 34670 | Swamp:3  | 34670 ||| Stepping ~*~*~tactically~*~*~ (water).
 34687 | Swamp:3  | 34687 ||| Stepping ~*~*~tactically~*~*~ (water).
 34692 | Swamp:3  | 34692 ||| STAIRDANCE
 34702 | Swamp:2  | 34702 ||| READING 5 scrolls of teleportation.
 34795 | Swamp:3  | 34795 ||| Stepping ~*~*~tactically~*~*~ (water).
 34796 | Swamp:3  | 34796 ||| INVOKING Berserk.
 34808 | Swamp:3  | 34808 ||| EATING fruit.
 34834 | Swamp:3  | Noticed Jorgrun
 34874 | Swamp:3  | 34874 ||| ZAPPING wand of heal wounds (5/9).
 34893 | Swamp:3  | 34893 ||| ZAPPING wand of heal wounds (4/9).
 34901 | Swamp:3  | 34901 ||| ZAPPING wand of heal wounds (3/9).
 34911 | Swamp:3  | Killed Jorgrun
 34912 | Swamp:3  | 34912 ||| ZAPPING wand of heal wounds (2/9).
 34913 | Swamp:3  | 34913 ||| ZAPPING wand of heal wounds (1/9).
 34914 | Swamp:3  | 34914 ||| MP-RECHARGING wand of heal wounds (0/9).
 34980 | Swamp:3  | 34980 ||| Stepping ~*~*~tactically~*~*~ (water).
 34993 | Swamp:3  | 34993 ||| Stepping ~*~*~tactically~*~*~ (water).
 35004 | Swamp:3  | 35004 ||| Stepping ~*~*~tactically~*~*~ (water).
 35033 | Swamp:3  | 35033 ||| INVOKING Burn Spellbooks.
 35107 | Swamp:3  | 35107 ||| Stepping ~*~*~tactically~*~*~ (water).
 35579 | Swamp:3  | 35579 ||| EATING 6 royal jellies.
 35626 | Swamp:3  | 35626 ||| UPGRADING to notched sapphire ring.
 35628 | Swamp:3  | 35628 ||| UPGRADING to ring of poison resistance.
 35630 | Swamp:3  | 35630 ||| UPGRADING to ring "Vanaipig" {rElec rPois Int-5 SInv Stlth-}.
 35632 | Swamp:3  | 35632 ||| DROPPING ring of positive energy.
 35669 | Swamp:4  | Entered Level 4 of the Swamp
 35672 | Swamp:4  | 35672 ||| INVOKING Berserk.
 35698 | Swamp:4  | 35698 ||| Stepping ~*~*~tactically~*~*~ (water).
 35806 | Swamp:4  | Noticed Majang's ghost (adept GrEE)
 35806 | Swamp:4  | 35806 ||| INVOKING Brothers in Arms.
 35808 | Swamp:4  | 35808 ||| Stepping ~*~*~tactically~*~*~ (water).
 35812 | Swamp:4  | Killed Majang's ghost
 35813 | Swamp:4  | 35813 ||| EATING 5 royal jellies.
 35831 | Swamp:4  | 35831 ||| READING scroll of enchant armour.
 35831 | Swamp:4  | 35831 ||| ENCHANTING +6 plate armour of fire resistance.
 35840 | Swamp:4  | 35840 ||| Stepping ~*~*~tactically~*~*~ (water).
 35845 | Swamp:4  | 35845 ||| INVOKING Berserk.
 35984 | Swamp:4  | 35984 ||| Stepping ~*~*~tactically~*~*~ (water).
 35988 | Swamp:4  | Reached XP level 20. HP: 193/193 MP: 11/11
 36041 | Swamp:4  | 36041 ||| INVOKING Burn Spellbooks.
 36041 | Swamp:4  | Received a gift from Trog
 36048 | Swamp:4  | Reached skill level 15 in Dodging
 36063 | Swamp:4  | 36063 ||| Stepping ~*~*~tactically~*~*~ (water).
 36066 | Swamp:4  | Reached skill level 15 in Armour
 36106 | Swamp:4  | 36106 ||| Stepping ~*~*~tactically~*~*~ (water).
 36236 | Swamp:4  | 36236 ||| READING scroll of enchant armour.
 36236 | Swamp:4  | 36236 ||| ENCHANTING +7 plate armour of fire resistance.
 36287 | Swamp:4  | 36287 ||| Stepping ~*~*~tactically~*~*~ (water).
 36290 | Swamp:4  | 36290 ||| Stepping ~*~*~tactically~*~*~ (water).
 36293 | Swamp:4  | 36293 ||| Stepping ~*~*~tactically~*~*~ (cloud).
 36294 | Swamp:4  | 36294 ||| Stepping ~*~*~tactically~*~*~ (water).
 36298 | Swamp:4  | Reached skill level 15 in Fighting
 36335 | Swamp:4  | 36335 ||| Stepping ~*~*~tactically~*~*~ (water).
 36342 | Swamp:4  | 36342 ||| Stepping ~*~*~tactically~*~*~ (water).
 36358 | Swamp:4  | 36358 ||| Stepping ~*~*~tactically~*~*~ (water).
 36415 | Swamp:4  | Noticed the 27-headed Lernaean hydra
 36442 | Swamp:4  | Killed the 26-headed Lernaean hydra
 36502 | Swamp:4  | 36502 ||| Stepping ~*~*~tactically~*~*~ (cloud).
 36522 | Swamp:4  | 36522 ||| EATING 4 royal jellies.
 36534 | Swamp:4  | 36534 ||| Stepping ~*~*~tactically~*~*~ (water).
 36565 | Swamp:4  | Got a decaying rune of Zot
 36581 | Swamp:4  | 36581 ||| Stepping ~*~*~tactically~*~*~ (water).
 36658 | Swamp:4  | 36658 ||| Stepping ~*~*~tactically~*~*~ (water).
 36672 | Swamp:4  | 36672 ||| DROPPING ring of poison resistance.
 36717 | Swamp:1  | 36717 ||| Stepping ~*~*~tactically~*~*~ (water).
 37067 | Depths:1 | Entered Level 1 of the Depths
 37068 | Depths:1 | 37068 ||| Entered U.
 37068 | Depths:1 | 37068 ||| STAIRDANCE
 37073 | Depths:1 | 37073 ||| STAIRDANCE
 37080 | Depths:1 | 37080 ||| STAIRDANCE
 37145 | Depths:1 | Noticed a bone dragon
 37145 | Depths:1 | 37145 ||| INVOKING Trog's Hand.
 37169 | Depths:1 | Killed a bone dragon
 37190 | Depths:1 | 37190 ||| INVOKING Trog's Hand.
 37210 | Depths:1 | Received a gift from Trog
 37379 | Depths:1 | 37379 ||| INVOKING Trog's Hand.
 37417 | Depths:1 | 37417 ||| ZAPPING wand of heal wounds (7/9).
 37527 | Depths:1 | 37527 ||| INVOKING Brothers in Arms.
 37530 | Depths:1 | 37530 ||| INVOKING Berserk.
 37548 | Depths:1 | 37548 ||| READING 4 scrolls of teleportation.
 37590 | Depths:1 | 37590 ||| ZAPPING wand of heal wounds (6/9).
 37600 | Depths:1 | 37600 ||| ZAPPING wand of heal wounds (5/9).
 37614 | Depths:1 | 37614 ||| INVOKING Brothers in Arms.
 37633 | Depths:1 | Found a gateway to Hell.
 37770 | Depths:1 | 37770 ||| READING 3 scrolls of teleportation.
 37772 | Depths:1 | 37772 ||| ZAPPING wand of heal wounds (4/9).
 37773 | Depths:1 | 37773 ||| ZAPPING wand of heal wounds (3/9).
 37774 | Depths:1 | 37774 ||| ZAPPING wand of heal wounds (2/9).
 37775 | Depths:1 | 37775 ||| READING 2 scrolls of teleportation.
 37776 | Depths:1 | 37776 ||| MP-RECHARGING wand of heal wounds (1/9).
 37778 | Depths:1 | 37778 ||| ZAPPING wand of heal wounds (4/9).
 37779 | Depths:1 | 37779 ||| ZAPPING wand of heal wounds (3/9).
 37780 | Depths:1 | 37780 ||| ZAPPING wand of heal wounds (2/9).
 37781 | Depths:1 | 37781 ||| MP-RECHARGING wand of heal wounds (1/9).
 38053 | Depths:1 | 38053 ||| INVOKING Trog's Hand.
 38062 | Depths:1 | Received a gift from Trog
 38300 | Depths:1 | 38300 ||| UPGRADING to glowing hat.
 38380 | Depths:2 | 38380 ||| STAIRDANCE
 38434 | Depths:2 | 38434 ||| READING scroll of teleportation.
 38435 | Depths:2 | 38435 ||| Stepping randomly (stuck).
 38487 | Depths:2 | 38487 ||| UPGRADING to jade ring.
 38489 | Depths:2 | 38489 ||| REMOVING ring of resist corrosion.
 38490 | Depths:2 | 38490 ||| UPGRADING to ring of protection from fire.
 38491 | Depths:2 | 38491 ||| DROPPING ring of resist corrosion.
 38492 | Depths:2 | 38492 ||| UPGRADING to +4 ring of dexterity.
 38494 | Depths:2 | 38494 ||| UPGRADING to ring "Vanaipig" {rElec rPois Int-5 SInv Stlth-}.
 38496 | Depths:2 | 38496 ||| Stepping randomly (stuck).
 38497 | Depths:2 | 38497 ||| Stepping randomly (stuck).
 38498 | Depths:2 | 38498 ||| Stepping randomly (stuck).
 38499 | Depths:2 | 38499 ||| Stepping randomly (stuck).
 38500 | Depths:2 | 38500 ||| Stepping randomly (stuck).
 38501 | Depths:2 | 38501 ||| Stepping randomly (stuck).
 38502 | Depths:2 | 38502 ||| Stepping randomly (stuck).
 38503 | Depths:2 | 38503 ||| Stepping randomly (stuck).
 38504 | Depths:2 | 38504 ||| Stepping randomly (stuck).
 38505 | Depths:2 | 38505 ||| Stepping randomly (stuck).
 38506 | Depths:2 | 38506 ||| Stepping randomly (stuck).
 38507 | Depths:2 | 38507 ||| Stepping randomly (stuck).
 38508 | Depths:2 | 38508 ||| Stepping randomly (stuck).
 38509 | Depths:2 | 38509 ||| Stepping randomly (stuck).
 38510 | Depths:2 | 38510 ||| Stepping randomly (stuck).
 38511 | Depths:2 | 38511 ||| Stepping randomly (stuck).
 38512 | Depths:2 | 38512 ||| Stepping randomly (stuck).
 38513 | Depths:2 | 38513 ||| Stepping randomly (stuck).
 38514 | Depths:2 | 38514 ||| Stepping randomly (stuck).
 38516 | Depths:2 | 38516 ||| Stepping randomly (stuck).
 38517 | Depths:2 | 38517 ||| Stepping randomly (stuck).
 38518 | Depths:2 | 38518 ||| Stepping randomly (stuck).
 38519 | Depths:2 | 38519 ||| Stepping randomly (stuck).
 38520 | Depths:2 | 38520 ||| Stepping randomly (stuck).
 38599 | Depths:3 | Reached XP level 21. HP: 205/205 MP: 10/10
 38642 | Depths:3 | Noticed a juggernaut
 38642 | Depths:3 | 38642 ||| INVOKING Berserk.
 38648 | Depths:3 | Received a gift from Trog
 38656 | Depths:3 | Killed a juggernaut
 38804 | Depths:3 | 38804 ||| INVOKING Berserk.
 38870 | Depths:3 | Found a one-way gate to the infinite horrors of the Abyss.
 38951 | Depths:3 | 38951 ||| INVOKING Brothers in Arms.
 39327 | Depths:3 | Found a burning altar of Makhleb.
 39341 | Depths:3 | Got a coiled bronze ring
 39366 | Depths:3 | Found a runed door.
 39367 | Depths:3 | Received a gift from Trog
 39368 | Depths:3 | Found a runed door.
 39431 | Depths:3 | 39431 ||| INVOKING Trog's Hand.
 39574 | Depths:3 | 39574 ||| INVOKING Berserk.
 39596 | Depths:3 | 39596 ||| INVOKING Brothers in Arms.
 39602 | Depths:3 | 39602 ||| DRINKING potion of heal wounds.
 39610 | Depths:3 | 39610 ||| ZAPPING wand of heal wounds (6/9).
 39646 | Depths:3 | 39646 ||| INVOKING Berserk.
 39758 | Depths:3 | Found a one-way gate leading to the halls of Pandemonium.
 39800 | Depths:3 | Found Ecetat Jeci's Pet Rocks.
 40229 | Depths:3 | 40229 ||| UPGRADING to ring of evasion.
 40231 | Depths:3 | 40231 ||| DROPPING +4 ring of dexterity.
 40232 | Depths:3 | 40232 ||| UPGRADING to coiled bronze ring.
 40233 | Depths:3 | Identified the ring "Boovur" {SustAt Dex+4 Slay+2} (You found it on level 3 of the Depths)
 40234 | Depths:3 | 40234 ||| REMOVING ring "Boovur" {SustAt Dex+4 Slay+2}.
 40240 | Depths:3 | 40240 ||| UPGRADING to ring of protection from fire.
 40251 | Depths:3 | 40251 ||| UPGRADING to ring "Vanaipig" {rElec rPois Int-5 SInv Stlth-}.
 40253 | Depths:3 | 40253 ||| DROPPING ring "Boovur" {SustAt Dex+4 Slay+2}.
 40313 | Depths:4 | Noticed the Enchantress
 40313 | Depths:4 | 40313 ||| INVOKING Trog's Hand.
 40319 | Depths:4 | 40319 ||| INVOKING Brothers in Arms.
 40320 | Depths:4 | 40320 ||| INVOKING Berserk.
 40343 | Depths:4 | Killed the Enchantress
 40540 | Depths:4 | Found a gateway to a ziggurat.
 40541 | Depths:4 | Paralysed by a giant eyeball for 3 turns
 40551 | Depths:4 | Paralysed by a giant eyeball for 4 turns
 40589 | Depths:4 | Received a gift from Trog
 40643 | Depths:4 | Found Cuiqi's Assorted Antiques.
 40712 | Depths:4 | Bought a scroll of remove curse for 141 gold pieces
 40712 | Depths:4 | Bought a scroll of identify for 94 gold pieces
 40712 | Depths:4 | Bought a dented cameo amulet for 235 gold pieces
 40712 | Depths:4 | Bought a potion of might for 188 gold pieces
 40886 | Depths:4 | 40886 ||| INVOKING Trog's Hand.
 40986 | Depths:4 | Reached XP level 22. HP: 192/219 MP: 11/11
 41018 | Depths:4 | 41018 ||| INVOKING Trog's Hand.
 41053 | Depths:4 | Paralysed by a giant eyeball for 2 turns
 41060 | Depths:4 | Paralysed by a giant eyeball for 3 turns
 41069 | Depths:4 | Paralysed by a giant eyeball for 4 turns
 41082 | Depths:4 | Paralysed by a giant eyeball for 2 turns
 41101 | Depths:4 | Paralysed by a giant eyeball for 3 turns
 41115 | Depths:4 | Paralysed by a giant eyeball for 3 turns
 41135 | Depths:4 | Paralysed by a giant eyeball for 2 turns
 41195 | Depths:4 | Paralysed by a giant eyeball for 2 turns
 41457 | Depths:4 | 41457 ||| UPGRADING to dented cameo amulet.
 41458 | Depths:4 | 41458 ||| REMOVING amulet of dismissal.
 41459 | Depths:4 | 41459 ||| DROPPING amulet of dismissal.
 41460 | Depths:4 | 41460 ||| UPGRADING to ring of strength.
 41462 | Depths:4 | 41462 ||| UPGRADING to +2 ring of evasion.
 41464 | Depths:4 | 41464 ||| UPGRADING to ring "Vanaipig" {rElec rPois Int-5 SInv Stlth-}.
 41466 | Depths:4 | 41466 ||| DROPPING +3 ring of strength.
 41499 | Depths:5 | Entered Level 5 of the Depths
 41598 | Depths:5 | Reached skill level 18 in Dodging
 41641 | Depths:5 | Reached skill level 18 in Armour
 41689 | Depths:5 | Reached skill level 18 in Fighting
 41759 | Depths:5 | 41759 ||| INVOKING Berserk.
 41833 | Depths:5 | Noticed a golden dragon
 41835 | Depths:5 | Noticed a golden dragon
 41846 | Depths:5 | Killed a golden dragon
 41851 | Depths:5 | Killed a golden dragon
 41868 | Depths:5 | 41868 ||| INVOKING Trog's Hand.
 42024 | Depths:5 | Found Kuocwun's Weapon Shop.
 42046 | Depths:5 | 42046 ||| UPGRADING to runed cloak.
 42056 | Depths:5 | 42056 ||| DROPPING +2 cloak.
 42257 | Depths:5 | 42257 ||| INVOKING Trog's Hand.
 42303 | Depths:5 | 42303 ||| INVOKING Trog's Hand.
 42429 | Depths:5 | 42429 ||| INVOKING Brothers in Arms.
 42537 | Depths:5 | Found a gate to the Realm of Zot.
 42639 | Depths:5 | 42639 ||| INVOKING Brothers in Arms.
 42686 | Depths:5 | 42686 ||| UPGRADING to moonstone ring.
 42688 | Depths:5 | 42688 ||| REMOVING ring of flight.
 42692 | Depths:5 | 42692 ||| DROPPING ring of flight.
 42693 | Depths:5 | 42693 ||| UPGRADING to ring of protection from fire.
 42694 | Depths:5 | 42694 ||| UPGRADING to +2 ring of evasion.
 42696 | Depths:5 | 42696 ||| UPGRADING to ring "Vanaipig" {rElec rPois Int-5 SInv Stlth-}.
 42698 | Depths:5 | 42698 ||| READING 24 scrolls of identify.
 42698 | Depths:5 | 42698 ||| IDENTIFYING bubbling emerald potion
 42699 | Depths:5 | 42699 ||| DROPPING potion of invisibility.
 42732 | Depths:4 | Paralysed by a giant eyeball for 3 turns
 43018 | Vaults:1 | Found Sytiw's Antique Armour Emporium.
 43030 | Vaults:1 | Bought a pair of runed gloves for 153 gold pieces
 43197 | Vaults:1 | 43197 ||| EATING 3 royal jellies.
 43237 | Vaults:1 | 43237 ||| UPGRADING to pair of runed gloves.
 43247 | Vaults:1 | 43247 ||| UPGRADING to +1 pair of gloves "Yhumae" {MR+ Stlth+}.
 43257 | Vaults:1 | 43257 ||| DROPPING +1 pair of gloves.
 43258 | Vaults:1 | 43258 ||| UPGRADING to opal ring.
 43260 | Vaults:1 | 43260 ||| READING 31 scrolls of remove curse.
 43261 | Vaults:1 | 43261 ||| REMOVING ring of teleportation.
 43262 | Vaults:1 | 43262 ||| DROPPING ring of teleportation.
 43263 | Vaults:1 | 43263 ||| UPGRADING to +2 ring of evasion.
 43264 | Vaults:1 | 43264 ||| UPGRADING to ring "Vanaipig" {rElec rPois Int-5 SInv Stlth-}.
 43359 | Vaults:5 | Entered Level 5 of the Vaults
 43361 | Vaults:5 | 43361 ||| STAIRDANCE
 43398 | Vaults:5 | 43398 ||| STAIRDANCE
 43405 | Vaults:4 | Received a gift from Trog
 43432 | Vaults:5 | 43432 ||| STAIRDANCE
 43471 | Vaults:5 | 43471 ||| STAIRDANCE
 43501 | Vaults:5 | 43501 ||| STAIRDANCE
 43503 | Vaults:4 | 43503 ||| INVOKING Trog's Hand.
 43524 | Vaults:5 | 43524 ||| STAIRDANCE
 43550 | Vaults:5 | 43550 ||| STAIRDANCE
 43579 | Vaults:5 | 43579 ||| INVOKING Trog's Hand.
 43585 | Vaults:5 | 43585 ||| INVOKING Berserk.
 43590 | Vaults:5 | Reached XP level 23. HP: 230/230 MP: 12/12
 43607 | Vaults:5 | 43607 ||| READING scroll of teleportation.
 43612 | Vaults:5 | 43612 ||| INVOKING Brothers in Arms.
 43622 | Vaults:5 | Received a gift from Trog
 43628 | Vaults:5 | 43628 ||| EATING 28 meat rations.
 43631 | Vaults:5 | 43631 ||| INVOKING Trog's Hand.
 43640 | Vaults:5 | 43640 ||| INVOKING Trog's Hand.
 43691 | Vaults:5 | 43691 ||| READING scroll of enchant armour.
 43691 | Vaults:5 | 43691 ||| ENCHANTING +8 plate armour of fire resistance.
 43854 | Vaults:5 | Noticed Sojobo
 43854 | Vaults:5 | 43854 ||| INVOKING Brothers in Arms.
 43860 | Vaults:5 | 43860 ||| INVOKING Berserk.
 43875 | Vaults:5 | Killed Sojobo
 43900 | Vaults:5 | 43900 ||| INVOKING Brothers in Arms.
 43911 | Vaults:5 | 43911 ||| INVOKING Trog's Hand.
 44026 | Vaults:5 | 44026 ||| INVOKING Berserk.
 44042 | Vaults:5 | 44042 ||| INVOKING Trog's Hand.
 44048 | Vaults:5 | 44048 ||| ZAPPING wand of teleportation.
 44052 | Vaults:5 | 44052 ||| ZAPPING wand of teleportation {zapped: 3}.
 44096 | Vaults:5 | 44096 ||| INVOKING Berserk.
 44133 | Vaults:5 | 44133 ||| INVOKING Trog's Hand.
 44149 | Vaults:5 | Received a gift from Trog
 44197 | Vaults:5 | 44197 ||| INVOKING Brothers in Arms.
 44263 | Vaults:5 | Noticed Wiglaf
 44278 | Vaults:5 | Killed Wiglaf
 44325 | Vaults:5 | Got a steaming platinum ring
 44343 | Vaults:5 | Got a clouded tin ring
 44515 | Vaults:5 | 44515 ||| INVOKING Trog's Hand.
 44610 | Vaults:5 | 44610 ||| INVOKING Burn Spellbooks.
 44612 | Vaults:5 | 44612 ||| INVOKING Burn Spellbooks.
 44655 | Vaults:5 | 44655 ||| INVOKING Trog's Hand.
 44664 | Vaults:5 | Noticed an ancient lich
 44664 | Vaults:5 | 44664 ||| INVOKING Brothers in Arms.
 44669 | Vaults:5 | 44669 ||| INVOKING Berserk.
 44674 | Vaults:5 | Killed an ancient lich
 44726 | Vaults:5 | 44726 ||| DRINKING potion of heal wounds.
 44761 | Vaults:5 | 44761 ||| INVOKING Berserk.
 44929 | Vaults:5 | 44929 ||| INVOKING Trog's Hand.
 44974 | Vaults:5 | 44974 ||| INVOKING Trog's Hand.
 44975 | Vaults:5 | 44975 ||| INVOKING Berserk.
 44978 | Vaults:5 | Received a gift from Trog
 44983 | Vaults:5 | Reached XP level 24. HP: 244/244 MP: 12/12
 45266 | Vaults:5 | 45266 ||| INVOKING Burn Spellbooks.
 45268 | Vaults:5 | 45268 ||| INVOKING Burn Spellbooks.
 45278 | Vaults:5 | Got a silver rune of Zot
 45410 | Vaults:5 | 45410 ||| INVOKING Burn Spellbooks.
 45412 | Vaults:5 | 45412 ||| INVOKING Burn Spellbooks.
 45459 | Vaults:5 | 45459 ||| UPGRADING to lumpy zirconium amulet.
 45460 | Vaults:5 | 45460 ||| REMOVING amulet of magic regeneration.
 45461 | Vaults:5 | 45461 ||| DROPPING amulet of magic regeneration.
 45462 | Vaults:5 | 45462 ||| UPGRADING to steaming platinum ring.
 45463 | Vaults:5 | Identified the ring "Aqaacet" {rF- Slay+5 Stlth-} (You took it off a vault warden on level 5 of the Vaults)
 45464 | Vaults:5 | 45464 ||| REMOVING ring "Aqaacet" {rF- Slay+5 Stlth-}.
 45465 | Vaults:5 | 45465 ||| UPGRADING to +2 ring of evasion.
 45466 | Vaults:5 | 45466 ||| DROPPING ring "Aqaacet" {rF- Slay+5 Stlth-}.
 45467 | Vaults:5 | 45467 ||| UPGRADING to clouded tin ring.
 45468 | Vaults:5 | Identified the ring of Happiness {Str+2 Dex+2} (You took it off a yaktaur captain on level 5 of the Vaults)
 45469 | Vaults:5 | 45469 ||| UPGRADING to ring "Vanaipig" {rElec rPois Int-5 SInv Stlth-}.
 45471 | Vaults:5 | 45471 ||| UPGRADING to knobbly emerald ring.
 45473 | Vaults:5 | 45473 ||| DROPPING ring of Happiness {Str+2 Dex+2}.
 45474 | Vaults:5 | 45474 ||| UPGRADING to scratched peridot ring.
 45476 | Vaults:5 | 45476 ||| UPGRADING to ring of protection from fire.
 45478 | Vaults:5 | 45478 ||| UPGRADING to +2 ring of evasion.
 45480 | Vaults:5 | 45480 ||| DROPPING ring of protection from magic.
 45481 | Vaults:5 | 45481 ||| UPGRADING to ring "Vanaipig" {rElec rPois Int-5 SInv Stlth-}.
 45483 | Vaults:5 | 45483 ||| READING 27 scrolls of identify.
 45483 | Vaults:5 | 45483 ||| IDENTIFYING wand of teleportation {zapped: 5}
 45494 | Vaults:5 | 45494 ||| INVOKING Trog's Hand.
 45633 | Vaults:1 | 45633 ||| EATING 2 royal jellies.
 45832 | Depths:2 | 45832 ||| Stepping ~*~*~tactically~*~*~ (water).
 45869 | Depths:2 | 45869 ||| Stepping ~*~*~tactically~*~*~ (water).
 45980 | Zot:1    | Entered Level 1 of the Realm of Zot
 45981 | Zot:1    | 45981 ||| Entered Z.
 45981 | Zot:1    | 45981 ||| EATING royal jelly.
 45984 | Zot:1    | 45984 ||| EATING 3 slices of pizza.
 45985 | Zot:1    | 45985 ||| EATING 2 slices of pizza.
 45986 | Zot:1    | 45986 ||| EATING slice of pizza.
 46060 | Zot:1    | 46060 ||| INVOKING Berserk.
 46080 | Zot:1    | 46080 ||| EATING 8 fruits.
 46082 | Zot:1    | 46082 ||| EATING 7 fruits.
 46288 | Zot:1    | 46288 ||| EATING 6 fruits.
 46355 | Zot:1    | 46355 ||| INVOKING Brothers in Arms.
 46443 | Zot:1    | 46443 ||| ZAPPING wand of heal wounds (5/9).
 46484 | Zot:1    | 46484 ||| EATING 5 fruits.
 46500 | Zot:1    | 46500 ||| ZAPPING wand of heal wounds (4/9).
 46501 | Zot:1    | 46501 ||| MP-RECHARGING wand of heal wounds (3/9).
 46548 | Zot:1    | 46548 ||| INVOKING Burn Spellbooks.
 46657 | Zot:1    | 46657 ||| INVOKING Burn Spellbooks.
 46662 | Zot:1    | 46662 ||| ZAPPING wand of heal wounds (6/9).
 46701 | Zot:1    | 46701 ||| ZAPPING wand of heal wounds (5/9).
 46825 | Zot:1    | 46825 ||| EATING 4 fruits.
 46830 | Zot:1    | 46830 ||| UPGRADING to embroidered cloak.
 46846 | Zot:1    | 46846 ||| EATING 3 fruits.
 46890 | Zot:1    | 46890 ||| UPGRADING to +2 cloak.
 46900 | Zot:1    | 46900 ||| DROPPING +1 cloak.
 46901 | Zot:1    | 46901 ||| DROPPING wand of flame.
 46940 | Zot:2    | 46940 ||| INVOKING Brothers in Arms.
 47019 | Zot:2    | 47019 ||| INVOKING Berserk.
 47030 | Zot:2    | 47030 ||| EATING 2 fruits.
 47034 | Zot:2    | 47034 ||| EATING fruit.
 47206 | Zot:2    | 47206 ||| EATING slice of pizza.
 47267 | Zot:2    | 47267 ||| INVOKING Burn Spellbooks.
 47358 | Zot:2    | 47358 ||| READING scroll of recharging.
 47358 | Zot:2    | 47358 ||| RECHARGING wand of teleportation (0/9).
 47376 | Zot:2    | Cast into level 4 of the Abyss (a Zot trap)
 47491 | Zot:2    | Escaped the Abyss
 47624 | Zot:2    | 47624 ||| EATING 6 beef jerkies.
 47830 | Zot:2    | 47830 ||| UPGRADING to runed cloak.
 47840 | Zot:2    | 47840 ||| UPGRADING to +2 cloak.
 47850 | Zot:2    | 47850 ||| DROPPING +1 cloak.
 47985 | Zot:3    | 47985 ||| INVOKING Berserk.
 47994 | Zot:3    | 47994 ||| EATING 5 beef jerkies.
 47998 | Zot:3    | 47998 ||| ZAPPING wand of heal wounds (4/9).
 47999 | Zot:3    | 47999 ||| ZAPPING wand of heal wounds (3/9).
 48000 | Zot:3    | 48000 ||| ZAPPING wand of heal wounds (2/9).
 48001 | Zot:3    | 48001 ||| ZAPPING wand of heal wounds (1/9).
 48002 | Zot:3    | 48002 ||| MP-RECHARGING wand of heal wounds (0/9).
 48003 | Zot:3    | 48003 ||| MP-RECHARGING wand of heal wounds (3/9).
 48243 | Zot:3    | 48243 ||| EATING 4 beef jerkies.
 48394 | Zot:3    | 48394 ||| INVOKING Brothers in Arms.
 48621 | Zot:4    | 48621 ||| STAIRDANCE
 48623 | Zot:3    | 48623 ||| INVOKING Brothers in Arms.
 48628 | Zot:3    | Reached skill level 21 in Dodging
 48629 | Zot:3    | 48629 ||| EATING 3 beef jerkies.
 48671 | Zot:4    | 48671 ||| INVOKING Berserk.
 48676 | Zot:4    | Reached skill level 21 in Armour
 48684 | Zot:4    | 48684 ||| ZAPPING wand of heal wounds (7/9).
 48685 | Zot:4    | 48685 ||| ZAPPING wand of heal wounds (6/9).
 48686 | Zot:4    | 48686 ||| ZAPPING wand of heal wounds (5/9).
 48687 | Zot:4    | 48687 ||| ZAPPING wand of heal wounds (4/9).
 48688 | Zot:4    | 48688 ||| MP-RECHARGING wand of heal wounds (3/9).
 48740 | Zot:4    | 48740 ||| EATING 2 beef jerkies.
 48778 | Zot:4    | Reached skill level 21 in Fighting
 48820 | Zot:4    | 48820 ||| INVOKING Brothers in Arms.
 48847 | Zot:4    | 48847 ||| INVOKING Brothers in Arms.
 48851 | Zot:4    | Noticed an orb of fire
 48851 | Zot:4    | 48851 ||| DRINKING potion of resistance.
 48852 | Zot:4    | 48852 ||| INVOKING Brothers in Arms.
 48854 | Zot:4    | 48854 ||| INVOKING Berserk.
 48865 | Zot:4    | Gained mutation: You are frail (-10% HP). [an orb of fire]
 48867 | Zot:4    | Killed an orb of fire
 48885 | Zot:4    | 48885 ||| ZAPPING wand of heal wounds (9/9).
 48886 | Zot:4    | 48886 ||| EATING beef jerky.
 48921 | Zot:4    | 48921 ||| DRINKING 2 potions of cure mutation.
 48921 | Zot:4    | Lost mutation: You have a pair of small antennae on your head. [potion of cure mutation]
 48921 | Zot:4    | Lost mutation: Your spells are a little harder to cast, but a little more powerful. [potion of cure mutation]
 48922 | Zot:4    | 48922 ||| DRINKING potion of cure mutation.
 48922 | Zot:4    | Lost mutation: You are frail (-10% HP). [potion of cure mutation]
 48923 | Zot:4    | 48923 ||| ZAPPING wand of heal wounds (8/9).
 49035 | Zot:4    | Reached XP level 25. HP: 253/256 MP: 8/8
 49038 | Zot:4    | 49038 ||| INVOKING Burn Spellbooks.
 49038 | Zot:4    | Received a gift from Trog
 49174 | Zot:4    | 49174 ||| EATING slice of pizza.
 49217 | Zot:4    | 49217 ||| READING scroll of enchant armour.
 49217 | Zot:4    | 49217 ||| ENCHANTING +9 plate armour of fire resistance.
 49367 | Zot:4    | 49367 ||| INVOKING Brothers in Arms.
 49373 | Zot:4    | 49373 ||| INVOKING Berserk.
 49381 | Zot:4    | 49381 ||| DRINKING potion of heal wounds.
 49382 | Zot:4    | 49382 ||| EATING royal jelly.
 49414 | Zot:4    | 49414 ||| INVOKING Brothers in Arms.
 49419 | Zot:4    | 49419 ||| INVOKING Berserk.
 49451 | Zot:4    | 49451 ||| ZAPPING wand of heal wounds (7/9).
 49452 | Zot:4    | 49452 ||| ZAPPING wand of heal wounds (6/9).
 49493 | Zot:4    | 49493 ||| INVOKING Brothers in Arms.
 49499 | Zot:4    | 49499 ||| INVOKING Berserk.
 49503 | Zot:4    | 49503 ||| EATING 30 meat rations.
 49701 | Zot:4    | 49701 ||| ZAPPING wand of heal wounds (5/9).
 49793 | Zot:4    | 49793 ||| UPGRADING to onyx ring.
 49795 | Zot:4    | 49795 ||| REMOVING ring of magical power.
 49796 | Zot:4    | 49796 ||| UPGRADING to +2 ring of evasion.
 49797 | Zot:4    | 49797 ||| DROPPING ring of magical power.
 49798 | Zot:4    | 49798 ||| UPGRADING to ring of protection from fire.
 49800 | Zot:4    | 49800 ||| UPGRADING to ring "Vanaipig" {rElec rPois Int-5 SInv Stlth-}.
 49837 | Zot:5    | Entered Level 5 of the Realm of Zot
 49839 | Zot:5    | 49839 ||| INVOKING Brothers in Arms.
 49888 | Zot:5    | 49888 ||| ZAPPING wand of heal wounds (4/9).
 49890 | Zot:5    | 49890 ||| MP-RECHARGING wand of heal wounds (3/9).
 50009 | Zot:5    | Noticed an orb of fire
 50009 | Zot:5    | 50009 ||| INVOKING Brothers in Arms.
 50010 | Zot:5    | 50010 ||| INVOKING Brothers in Arms.
 50012 | Zot:5    | Noticed an ancient lich
 50012 | Zot:5    | 50012 ||| INVOKING Trog's Hand.
 50019 | Zot:5    | 50019 ||| INVOKING Berserk.
 50028 | Zot:5    | Killed an orb of fire
 50029 | Zot:5    | Killed an ancient lich
 50032 | Zot:5    | Noticed an orb of fire
 50043 | Zot:5    | Gained mutation: Your body sometimes deteriorates upon taking damage. [an orb of fire]
 50047 | Zot:5    | 50047 ||| ZAPPING wand of teleportation (2/9).
 50047 | Zot:5    | Gained mutation: You are clumsy. (Dex -2) [an orb of fire]
 50048 | Zot:5    | 50048 ||| ZAPPING wand of heal wounds (7/9).
 50049 | Zot:5    | Gained mutation: Your spells are a little easier to cast, but a little less powerful. [an orb of fire]
 50051 | Zot:5    | Noticed an orb of fire
 50051 | Zot:5    | 50051 ||| ZAPPING wand of teleportation (1/9).
 50052 | Zot:5    | 50052 ||| ZAPPING wand of heal wounds (6/9).
 50053 | Zot:5    | 50053 ||| ZAPPING wand of heal wounds (5/9).
 50054 | Zot:5    | 50054 ||| ZAPPING wand of heal wounds (4/9).
 50057 | Zot:5    | 50057 ||| READING 5 scrolls of teleportation.
 50058 | Zot:5    | 50058 ||| ZAPPING wand of heal wounds (3/9).
 50059 | Zot:5    | 50059 ||| READING 4 scrolls of teleportation.
 50060 | Zot:5    | 50060 ||| ZAPPING wand of heal wounds (2/9).
 50061 | Zot:5    | 50061 ||| MP-RECHARGING wand of heal wounds (1/9).
 50062 | Zot:5    | 50062 ||| ZAPPING wand of heal wounds (8/9).
 50063 | Zot:5    | 50063 ||| ZAPPING wand of heal wounds (7/9).
 50064 | Zot:5    | 50064 ||| ZAPPING wand of heal wounds (6/9).
 50065 | Zot:5    | 50065 ||| ZAPPING wand of heal wounds (5/9).
 50066 | Zot:5    | 50066 ||| EATING 29 meat rations.
 50129 | Zot:5    | 50129 ||| INVOKING Berserk.
 50137 | Zot:5    | Killed an orb of fire
 50142 | Zot:5    | 50142 ||| ZAPPING wand of heal wounds (4/9).
 50143 | Zot:5    | 50143 ||| ZAPPING wand of heal wounds (3/9).
 50144 | Zot:5    | 50144 ||| MP-RECHARGING wand of heal wounds (2/9).
 50160 | Zot:5    | Noticed an orb of fire
 50162 | Zot:5    | 50162 ||| READING 3 scrolls of teleportation.
 50167 | Zot:5    | 50167 ||| ZAPPING wand of heal wounds (6/9).
 50168 | Zot:5    | Noticed an ancient lich
 50168 | Zot:5    | 50168 ||| READING 2 scrolls of teleportation.
 50235 | Zot:5    | 50235 ||| INVOKING Trog's Hand.
 50239 | Zot:5    | 50239 ||| INVOKING Berserk.
 50248 | Zot:5    | Killed an ancient lich
 50251 | Zot:5    | Noticed an ancient lich
 50260 | Zot:5    | 50260 ||| READING scroll of teleportation.
 50261 | Zot:5    | 50261 ||| MP-RECHARGING wand of teleportation (0/9).
 50262 | Zot:5    | 50262 ||| ZAPPING wand of heal wounds (5/9).
 50263 | Zot:5    | 50263 ||| ZAPPING wand of teleportation (5/9).
 50264 | Zot:5    | 50264 ||| ZAPPING wand of heal wounds (4/9).
 50265 | Zot:5    | 50265 ||| ZAPPING wand of heal wounds (3/9).
 50266 | Zot:5    | 50266 ||| ZAPPING wand of heal wounds (2/9).
 50267 | Zot:5    | 50267 ||| ZAPPING wand of heal wounds (1/9).
 50268 | Zot:5    | 50268 ||| MP-RECHARGING wand of heal wounds (0/9).
 50269 | Zot:5    | 50269 ||| ZAPPING wand of heal wounds (4/9).
 50270 | Zot:5    | 50270 ||| ZAPPING wand of heal wounds (3/9).
 50271 | Zot:5    | 50271 ||| MP-RECHARGING wand of heal wounds (2/9).
 50272 | Zot:5    | 50272 ||| EATING royal jelly.
 50342 | Zot:5    | 50342 ||| INVOKING Trog's Hand.
 50344 | Zot:5    | 50344 ||| INVOKING Berserk.
 50350 | Zot:5    | Killed an ancient lich
 50356 | Zot:5    | Noticed an orb of fire
 50356 | Zot:5    | Gained mutation: You are frail (-10% HP). [an orb of fire]
 50358 | Zot:5    | 50358 ||| ZAPPING wand of teleportation (4/9).
 50360 | Zot:5    | Gained mutation: You expend magic power (3 MP) to strengthen your wands. [an orb of fire]
 50362 | Zot:5    | 50362 ||| ZAPPING wand of teleportation (3/9).
 50389 | Zot:5    | HP: 41/234 [orb of fire/fireball (24)]
 50390 | Zot:5    | Killed an orb of fire
 50390 | Zot:5    | Reached skill level 6 in Evocations
 50394 | Zot:5    | 50394 ||| ZAPPING wand of heal wounds (5/9).
 50431 | Zot:5    | 50431 ||| ZAPPING wand of heal wounds (4/9).
 50525 | Zot:5    | 50525 ||| ZAPPING wand of heal wounds (3/9).
 50526 | Zot:5    | 50526 ||| EATING 28 meat rations.
 50537 | Zot:5    | 50537 ||| MP-RECHARGING wand of heal wounds (2/9).
 50668 | Zot:5    | 50668 ||| ZAPPING wand of heal wounds (4/9).
 50670 | Zot:5    | Noticed an orb of fire
 50673 | Zot:5    | 50673 ||| INVOKING Berserk.
 50682 | Zot:5    | Killed an orb of fire
 50700 | Zot:5    | Gained mutation: You are weak. (Str -2) [an orb of fire]
 50702 | Zot:5    | Gained mutation: Your spells are easier to cast, but less powerful. [an orb of fire]
 50703 | Zot:5    | Reached XP level 26. HP: 117/241 MP: 2/4
 50703 | Zot:5    | Gained mutation: You are very weak. (Str -4) [an orb of fire]
 50708 | Zot:5    | Gained mutation: Your spells are much easier to cast, but much less powerful. [an orb of fire]
 50714 | Zot:5    | 50714 ||| ZAPPING wand of teleportation (2/9).
 50716 | Zot:5    | HP: 54/241 [orb of fire/fireball (29)]
 50729 | Zot:5    | 50729 ||| INVOKING Berserk.
 50733 | Zot:5    | Reached skill level 9 in Evocations
 50749 | Zot:5    | 50749 ||| MP-RECHARGING wand of heal wounds (3/9).
 50760 | Zot:5    | 50760 ||| ZAPPING wand of heal wounds (7/9).
 50772 | Zot:5    | 50772 ||| EATING 27 meat rations.
 50798 | Zot:5    | 50798 ||| ZAPPING wand of heal wounds (6/9).
 50842 | Zot:5    | 50842 ||| INVOKING Berserk.
 50842 | Zot:5    | Gained mutation: Your body often deteriorates upon taking damage. [an orb of fire]
 50851 | Zot:5    | Killed an orb of fire
 50899 | Zot:5    | Got the Orb of Zot
 50924 | Zot:5    | Noticed an orb of fire
 50924 | Zot:5    | 50924 ||| DRINKING 4 potions of haste.
 50925 | Zot:5    | 50925 ||| DRINKING 4 potions of might.
 50941 | Zot:5    | Gained mutation: Armour fits poorly on your strangely shaped body. [an orb of fire]
 50950 | Zot:5    | 50950 ||| ZAPPING wand of teleportation (1/9).
 50951 | Zot:5    | 50951 ||| READING 2 scrolls of holy word.
 50951 | Zot:5    | HP: 58/243 [orb of fire/fireball (12)]
 50952 | Zot:5    | 50952 ||| READING scroll of holy word.
 50956 | Zot:5    | HP: 51/243 [orb of fire/fireball (7)]
 50959 | Zot:5    | Killed an orb of fire
 50960 | Zot:5    | 50960 ||| MP-RECHARGING wand of teleportation (0/9).
 50965 | Zot:5    | 50965 ||| INVOKING Trog's Hand.
 50987 | Zot:5    | 50987 ||| ZAPPING wand of teleportation (3/9).
 51038 | Zot:5    | 51038 ||| INVOKING Trog's Hand.
 51071 | Zot:5    | 51071 ||| INVOKING Trog's Hand.
 51085 | Zot:5    | 51085 ||| DRINKING 3 potions of haste.
 51086 | Zot:5    | 51086 ||| DRINKING 3 potions of might.
 51101 | Zot:5    | Killed an orb of fire
 51102 | Zot:5    | 51102 ||| ZAPPING wand of heal wounds (5/9).
 51103 | Zot:5    | 51103 ||| EATING 26 meat rations.
 51106 | Zot:5    | 51106 ||| INVOKING Trog's Hand.
 51110 | Zot:5    | HP: 48/243 [??? (28)]
 51114 | Zot:5    | HP: 9/243 [Brimstone Fiend/damnation (41)]
 51116 | Zot:5    | Killed from afar by a Brimstone Fiend

Vault maps used:
D:1:      minmay_arrival_hallway
D:2:      elyvilon_altar_4
D:3:      kennysheep_the_goblin_king, grunt_temple_overflow_opulence,
          lemuel_crystal_altar, ecumenical_altar_1, nicolae_ru_path_of_blood,
          uniq_terence
D:4:      minmay_goblin_kobold_castle, minmay_temple_entry_hall, first_bread,
          uniq_natasha
D:5:      wad_pebble_path, uniq_sigmund
D:6:      yredelemnul_altar_generic, serial_shops, nicolae_shop_crystal,
          nicolae_ossuary_entry_false_entrances
D:7:      grunt_temple_overflow_cloverleaf, basic_altar, lightli_church_of_beogh
D:8:      david_lair_shrubbed, serial_shops, nicolae_shop_window_shopping
D:9:      hiddenorc2_lemuel
D:10:     enter_trove_3, uniq_maud
D:12:     serial_glass, glass_columns_a, glass_columns_b, glass_columns_b
D:13:     david_vaults_5
D:14:     minmay_tri_box, serial_co_window_serial, co_window_paths_a,
          co_window_corner_a, co_window_paths_a, co_window_corner_a,
          co_window_of_opportunity_a, co_window_broadway_b, co_window_corner_b,
          co_window_unsneaky_path_c, co_window_corner_b, co_window_cross_3,
          co_window_broadway_c, co_window_4corner_a, co_window_paths_e,
          wad_floor_pattern_untrapped, hangedman_little_slice_of_home,
          uniq_kirke
D:15:     grunt_enter_depths_hoard, nicolae_benzene_ring, nrook_mini_vaults
Lair:3:   grunt_megastairs_5
Lair:5:   beast_lair_carwin_large_1, swamp_mist, guppyfry_snake_entry_garden,
          hangedman_lair_generics_rect, uniq_josephine
Lair:6:   forest_paths, minmay_slime_entry_pillars
Lair:7:   grunt_megastairs_4
Lair:8:   minmay_lair_end_frog_pond, serial_bayou_shore_b, grunt_megastairs_3,
          infiniplex_staircase_pool
Swamp:1:  hangedman_swamp_blocks, swamp_pool5, infiniplex_staircase_pool_2,
          uniq_nikola
Swamp:2:  nicolae_swamp_feature_on_the_river_bank
Swamp:3:  evilmike_swamp_ruin_house_1, swamp_pool3, uniq_jorgrun
Swamp:4:  swamp_vile
Snake:2:  special_room
Snake:3:  uniq_vashnia
Snake:4:  johnstein_snake_rune_scales, serial_shops, shop_fountains,
          guppyfry_snake_island
Orc:1:    minmay_orc_barracks
Orc:2:    st_orc_rangers, nicolae_orc_pool_cavern, nicolae_orc_sculptors_studio
Vaults:1: v_alt_pattern_4, grunt_vaults_swirl, hangedman_vaults_stitches,
          v_misc_13, vaults_room_glass_cross, nicolae_vaults_alarming,
          ontoclasm_vaults_pinch, nicolae_vaults_asterisk, serial_shops,
          nicolae_shop_overgrown_old_shop
Vaults:2: v_misc_19, hangedman_vaults_unwind, nicolae_vaults_meeting,
          hangedman_vaults_restitches, nicolae_vaults_little_squares_1,
          v_misc_9, v_misc_30, vaults_room_door_hall, hangedman_vaults_locks,
          vaults_room_pools
Vaults:3: vaults_room_large_hall, nicolae_vaults_little_squares_6, v_misc_29,
          nicolae_vaults_statue_guard, nicolae_vaults_circle_grid_a,
          minmay_crypt_entry_simple_round, vaults_mumra_minichess, v_misc_10,
          v_misc_10, v_alt_pattern_1, ontoclasm_vaults_misaligned, v_misc_10,
          v_alt_pattern_4, serial_shops, shop, uniq_asterion
Vaults:4: ontoclasm_vaults_twist, vaults_mumra_lcd, hangedman_vaults_stream,
          hangedman_vaults_corner_blocks, st_squares, v_misc_16,
          grunt_vaults_bifocal, nicolae_vaults_angled_halls, vaults_room_boxed,
          ontoclasm_vaults_ring_large, v_misc_5, nicolae_vaults_little_ls,
          nicolae_vaults_mini_display_case, v_misc_27, serial_shops, shop
Vaults:5: serial_shops, uniq_wiglaf, uniq_sojobo
Depths:1: hangedman_abyss_or_decor_stabs, pf_hell_entry_great_geh,
          hangedman_research_thanatology, kennysheep_random_hallway
Depths:2: lemuel_river_lethe, hell_entry, pan_entry
Depths:3: evilmike_makhleb_hellhole, abyss_entry, grunt_pan_entry_spiral,
          hell_entry, hangedman_decor_peaks_small, guppyfry_shop_earth
Depths:4: kennysheep_ambush_hall, enter_ziggurat_d, serial_shops,
          nicolae_shop_behind_doors, eino_curves_03, rand_demon_pan_entry_3,
          abyss_entry, grunt_hell_entry_dis_grunt, kennysheep_generic_room_9,
          uniq_enchantress
Depths:5: grunt_zot_entry_gee_three, serial_shops, shop, hell_entry,
          serial_sigils, serial_sigils_hangedman_shear,
          serial_sigils_hangedman_gut, serial_sigils_hangedman_scar,
          serial_sigils_hangedman_snap
Zot:3:    basic_stair_grate_trap
Zot:4:    evilmike_crystal_ball_defense
Zot:5:    hangedman_zot_diagonal_lockstep
Abyss:4:  guppyfry_abyss_exit_glass_guarded, evilmike_abyss_rune_curve

Action                   |  1- 3 |  4- 6 |  7- 9 | 10-12 | 13-15 | 16-18 | 19-21 | 22-24 | 25-27 || total
-------------------------+-------+-------+-------+-------+-------+-------+-------+-------+-------++-------
Melee: Hand axe          |   100 |   191 |    72 |       |       |       |       |       |       ||   363
       War axe           |       |       |    11 |       |       |       |       |       |       ||    11
       Battleaxe         |       |       |   208 |   357 |   426 |       |       |       |       ||   991
       Executioner's axe |       |       |       |       |   889 |  1103 |  2008 |  1467 |   580 ||  6047
Throw: Javelin           |    39 |    44 |    99 |   164 |   119 |    24 |    81 |       |       ||   570
       Tomahawk          |       |       |       |       |   126 |       |       |       |       ||   126
Invok: Berserk           |       |     2 |    10 |    17 |    17 |    18 |    13 |    13 |    10 ||   100
       Burn Spellbooks   |       |       |     2 |     3 |     7 |     3 |     3 |     8 |     1 ||    27
       Brothers in Arms  |       |       |     1 |     5 |     9 |    13 |     7 |    14 |     6 ||    55
       Trog's Hand       |       |       |       |       |    10 |    16 |     9 |    17 |     7 ||    59
 Abil: Device Recharging |       |       |     2 |     3 |     6 |       |     3 |     4 |     9 ||    27
Evoke: Wand              |     1 |     1 |     9 |    13 |    35 |    10 |    20 |    16 |    39 ||   144
  Use: Scroll            |     6 |     2 |    11 |    12 |    19 |     8 |    10 |     6 |     8 ||    82
       Potion            |       |     2 |     1 |     3 |     2 |       |     4 |     4 |     5 ||    21
 Stab: Petrifying        |       |       |       |     1 |       |       |       |       |       ||     1
       Petrified         |       |       |       |     1 |       |       |       |       |       ||     1
       Distracted        |       |       |       |       |     1 |     2 |     2 |     9 |       ||    14
       Confused          |       |       |       |       |     3 |       |     1 |       |       ||     4
  Eat: Chunk             |     1 |     7 |    16 |    27 |    60 |    27 |    43 |    24 |       ||   205
       Fruit             |       |       |     3 |       |     8 |       |     2 |     8 |       ||    21
       Royal jelly       |       |       |     2 |       |       |     3 |     4 |     3 |     2 ||    14
       Beef jerky        |       |       |     1 |     2 |     1 |     2 |       |     6 |       ||    12
       Pizza             |       |       |       |     1 |     1 |     1 |       |     4 |     1 ||     8
       Bread ration      |       |       |       |     1 |       |       |       |       |       ||     1
       Meat ration       |       |       |       |       |       |     1 |       |       |     5 ||     6
Armor: Animal skin       |     8 |       |       |       |       |       |       |       |       ||     8
       Chain mail        |    29 |    50 |       |       |   262 |   356 |       |       |       ||   697
       Plate armour      |       |    63 |   200 |   190 |   288 |    66 |   904 |   861 |   263 ||  2835
Dodge: Dodged            |    62 |    76 |   117 |   130 |   977 |   933 |  1798 |  1570 |   472 ||  6135
